Workbook

Sheet Hoja2 (2)

Sheet CONSOLIDADO FINAL AUDIEN.
A1: PROCESO DE CONTRATACION FDLCB-LP-013-2018 | C1: =+'[1]1-CON Y CON S.A.S'!B4 -> CONTRATAR A PRECIOS FIJOS Y A MONTO AGOTABLE LA COMPLEMENTACION Y/O ACTUALIZACION Y/O AJUSTES DE DISEÑOS Y LA CONSTRUCCION Y/O RECONSTRUCCION DE LA MALLA VIAL DE LA LOCALIDAD DE CUIDAD BOLIVAR, EN BOGOTA D.C
A4: N° | B4: PROPONENTES | C4: CONSOLIDADO | F4: VERIFICACION CUMPLIMIENTO ANEXO N 9 | G4: DESPUES DE OBSERVACIONES Y REPLICAS | H4: PONDERABLE
C5: VERIFICACIONES
C6: JURIDICA | D6: FINANCIERA | E6: TECNICA
A7: 1 | B7: =+'[1]1-CON Y CON S.A.S'!E6 -> CONSULTORÍA Y CONSTRUCCIÓN S.A.S. | C7: HABIL | D7: HABIL | E7: HABIL | F7: =+'VERIF FTO 9 A.I.U'!H163 -> CUMPLE | G7: =+'VERIF FTO 9 A.I.U'!I163 -> CUMPLE | H7: =+'verif aritm'!I371 -> 1000
A8: 2 | B8: =+'[1]2-CONCRESCOL S.A'!E5 -> CONCRESCOL S.A | C8: HABIL | D8: HABIL | E8: HABIL | F8: =+'VERIF FTO 9 A.I.U'!H164 -> CUMPLE | G8: =+'VERIF FTO 9 A.I.U'!I164 -> CUMPLE | H8: =+'verif aritm'!J371 -> 979.36751
A9: 3 | B9: =+'[1]3-CONSORCIO BOLIVAR 011'!E5 -> CONSORCIO BOLIVAR 011 | C9: HABIL | D9: HABIL | E9: NO HABIL | F9: =+'VERIF FTO 9 A.I.U'!H165 -> RECHAZADA | H9: N/E
A10: 4 | B10: =+'[1]4- CONSORCIO C&M CIUDAD BOLÍVAR'!E5 -> CONSORCIO C&M CIUDAD BOLÍVAR | C10: HABIL | D10: HABIL | E10: HABIL | F10: =+'VERIF FTO 9 A.I.U'!H166 -> NO CUMPLE | G10: =+'VERIF FTO 9 A.I.U'!I166 -> NO CUMPLE | H10: N/E
A11: 5 | B11: =+'[1]5- CONSORCIO INTERCON 013'!E5 -> CONSORCIO INTERCON 013 | C11: HABIL | D11: HABIL | E11: HABIL | F11: =+'VERIF FTO 9 A.I.U'!H167 -> CUMPLE | G11: =+'VERIF FTO 9 A.I.U'!I167 -> CUMPLE | H11: =+'verif aritm'!L371 -> 979.36903
A12: 6 | B12: =+'[1]6-CONSORCIO MALLA VIAL 2018'!E5 -> CONSORCIO MALLA VIAL 2018 | C12: HABIL | D12: HABIL | E12: HABIL | F12: =+'VERIF FTO 9 A.I.U'!H168 -> CUMPLE | G12: =+'VERIF FTO 9 A.I.U'!I168 -> CUMPLE | H12: =+'verif aritm'!M371 -> 978.62414
A13: 7 | B13: =+'[1]7-CONSORCIO MALLA VIAL 2019'!E5 -> CONSORCIO MALLA VIAL 2019 | C13: HABIL | D13: HABIL | E13: HABIL | F13: =+'VERIF FTO 9 A.I.U'!H169 -> NO CUMPLE | G13: =+'VERIF FTO 9 A.I.U'!I169 -> NO CUMPLE | H13: N/E
A14: 8 | B14: =+'[1]8-CONSORCIO MALLA VIAL LR'!E5 -> CONSORCIO MALLA VIAL LR | C14: HABIL | D14: HABIL | E14: HABIL | F14: =+'VERIF FTO 9 A.I.U'!H170 -> NO CUMPLE | G14: =+'VERIF FTO 9 A.I.U'!I170 -> NO CUMPLE | H14: N/E
A15: 9 | B15: =+'[1]9- CON. VIAL CIUDAD BOLIVAR MV'!E5 -> CONSORCIO VIAL CIUDAD BOLIVAR MV | C15: NO HABIL | D15: HABIL | E15: HABIL | F15: =+'VERIF FTO 9 A.I.U'!H171 -> RECHAZADA | H15: N/E
A16: 10 | B16: =+'[1]10-CONSORCIO VIAL PC -13'!E5 -> CONSORCIO VIAL PC -13 | C16: HABIL | D16: HABIL | E16: HABIL | F16: =+'VERIF FTO 9 A.I.U'!H172 -> NO CUMPLE | G16: =+'VERIF FTO 9 A.I.U'!I172 -> NO CUMPLE | H16: N/E
A17: 11 | B17: =+'[1]11-CONSORCIO VIAS BOLÍVAR 2018'!E5 -> CONSORCIO VIAS BOLÍVAR 2018 | C17: HABIL | D17: HABIL | E17: NO HABIL | F17: =+'VERIF FTO 9 A.I.U'!H173 -> RECHAZADA | H17: N/E
A18: 12 | B18: =+'[1]12-CONSORCTRB013'!E5 -> CONSORCTRB013 | C18: NO HABIL | D18: HABIL | E18: NO HABIL | F18: =+'VERIF FTO 9 A.I.U'!H174 -> RECHAZADA | H18: N/E
A19: 13 | B19: =+'[1]13-CS INFRA C. BOLÍVAR'!E5 -> CS INFRA C. BOLÍVAR | C19: NO HABIL | D19: HABIL | E19: NO HABIL | F19: =+'VERIF FTO 9 A.I.U'!H175 -> RECHAZADA | H19: N/E
A20: 14 | B20: =+'[1]14-HB ESTRUCTURAS METALICAS SAS'!E5 -> HB ESTRUCTURAS METALICAS SAS | C20: HABIL | D20: HABIL | E20: HABIL | F20: =+'VERIF FTO 9 A.I.U'!H176 -> NO CUMPLE | G20: =+'VERIF FTO 9 A.I.U'!I176 -> NO CUMPLE | H20: N/E
A21: 15 | B21: =+'[1]15-LUIS ALBERTO GONZALEZ CH '!E5 -> LUIS ALBERTO GONZALEZ CHAUX | C21: HABIL | D21: HABIL | E21: HABIL | F21: =+'VERIF FTO 9 A.I.U'!H177 -> CUMPLE | G21: =+'VERIF FTO 9 A.I.U'!I177 -> NO CUMPLE | H21: N/E
A22: 16 | B22: =+'[1]16-LYDCO INGENIERIA S.A.S'!E5 -> LYDCO INGENIERIA S.A.S | C22: HABIL | D22: HABIL | E22: HABIL | F22: =+'VERIF FTO 9 A.I.U'!H178 -> NO CUMPLE | G22: =+'VERIF FTO 9 A.I.U'!I178 -> NO CUMPLE | H22: N/E
A23: 17 | B23: =+'[1]17-UT MA. VIAL P & J INGENIEROS'!E5 -> UNION TEMPORAL MALLA VIAL P & J INGENIEROS | C23: HABIL | D23: HABIL | E23: HABIL | F23: =+'VERIF FTO 9 A.I.U'!H179 -> NO CUMPLE | G23: =+'VERIF FTO 9 A.I.U'!I179 -> NO CUMPLE | H23: N/E
B26: ORIGINAL FIRMADO
A30: JESUS DAVID DIAZ | D30: JUAN PABLO MOJICA
A31: Evaluador Jurídico | D31: Evaluador Técnico
A36: OSCAR FERNANDO MELO | D36: JUAN ALFREDO TORRES PRIETO
A37: Evaluador Financiero | D37: Evaluador Técnico

Sheet VERIF FTO 9 A.I.U
A1: 1
A2: ='CONSOLIDADO INICIAL'!B7 -> CONSULTORÍA Y CONSTRUCCIÓN S.A.S.
A3: AIU PROPUESTO | B3: 0.317673
A4: COSTO DIRECTO | B4: 1.1742312e+10
A6: COSTO DIRECTO | B6: =B4 -> 1.1742312e+10
A7: A.I.U. | B7: =B6*B3 -> 3.7302155e+09
A8: GESTION AMBIENTAL | B8: 175824176
A9: GESTION SOCIAL | B9: 175824176
A10: MANEJO DE TRAFICO Y SEÑALIZACION | B10: 175824176
A11: COSTO TOTAL DE LAS OBRAS | B11: =SUM(B6:B10) -> 1.6e+10
B12: CUMPLE
A14: 2
A15: ='CONSOLIDADO INICIAL'!B8 -> CONCRESCOL S.A
A16: AIU PROPUESTO | B16: 0.32
A17: COSTO DIRECTO | B17: 11721611721
A19: COSTO DIRECTO | B19: =B17 -> 11721611721
A20: A.I.U. | B20: =B19*B16 -> 3.7509158e+09
A21: GESTION AMBIENTAL | B21: 175824176
A22: GESTION SOCIAL | B22: 175824176
A23: MANEJO DE TRAFICO Y SEÑALIZACION | B23: 175824176
A24: COSTO TOTAL DE LAS OBRAS | B24: =SUM(B19:B23) -> 1.6e+10
B25: CUMPLE
A27: 4
A28: ='CONSOLIDADO INICIAL'!B10 -> CONSORCIO C&M CIUDAD BOLÍVAR
A29: AIU PROPUESTO | B29: 0.317602
A30: COSTO DIRECTO | B30: 11742944737
A32: COSTO DIRECTO | B32: =B30 -> 11742944737
A33: A.I.U. | B33: =B32*B29 -> 3.7295827e+09
A34: GESTION AMBIENTAL | B34: 175824176
A35: GESTION SOCIAL | B35: 175824176
A36: MANEJO DE TRAFICO Y SEÑALIZACION | B36: 175824176
A37: COSTO TOTAL DE LAS OBRAS | B37: =SUM(B32:B36) -> 1.6e+10
B38: NO CUMPLE
A40: 5
A41: ='CONSOLIDADO INICIAL'!B11 -> CONSORCIO INTERCON 013
A42: AIU PROPUESTO | B42: 0.3167
A43: COSTO DIRECTO | B43: 1.1750989e+10
A45: COSTO DIRECTO | B45: =B43 -> 1.1750989e+10
A46: A.I.U. | B46: =B45*B42 -> 3.7215383e+09
A47: GESTION AMBIENTAL | B47: 175824176
A48: GESTION SOCIAL | B48: 175824176
A49: MANEJO DE TRAFICO Y SEÑALIZACION | B49: 175824176
A50: COSTO TOTAL DE LAS OBRAS | B50: =SUM(B45:B49) -> 1.6e+10
B51: CUMPLE
A53: 6
A54: ='CONSOLIDADO INICIAL'!B12 -> CONSORCIO MALLA VIAL 2018
A55: AIU PROPUESTO | B55: 0.3174494
A56: COSTO DIRECTO | B56: 11744304921
A58: COSTO DIRECTO | B58: =B56 -> 11744304921
A59: A.I.U. | B59: =B58*B55 -> 3.7282226e+09
A60: GESTION AMBIENTAL | B60: 175824176
A61: GESTION SOCIAL | B61: 175824176
A62: MANEJO DE TRAFICO Y SEÑALIZACION | B62: 175824176
A63: COSTO TOTAL DE LAS OBRAS | B63: =SUM(B58:B62) -> 1.6e+10
B64: CUMPLE
A66: 7
A67: ='CONSOLIDADO INICIAL'!B13 -> CONSORCIO MALLA VIAL 2019 | H67: =B69 -> 11732419501
A68: AIU PROPUESTO | B68: 0.31878403 | H68: =B72+1 -> 3.740108e+09
A69: COSTO DIRECTO | B69: 11732419501 | H69: =B34 -> 175824176
H70: =B35 -> 175824176
A71: COSTO DIRECTO | B71: =B69 -> 11732419501 | H71: =B36 -> 175824176
A72: A.I.U. | B72: =B71*B68 -> 3.740108e+09 | H72: =SUM(H67:H71) -> 1.6e+10
A73: GESTION AMBIENTAL | B73: 175824176
A74: GESTION SOCIAL | B74: 175824176
A75: MANEJO DE TRAFICO Y SEÑALIZACION | B75: 175824176
A76: COSTO TOTAL DE LAS OBRAS | B76: =SUM(B71:B75) -> 1.6e+10
B77: NO CUMPLE
A79: 8
A80: ='CONSOLIDADO INICIAL'!B14 -> CONSORCIO MALLA VIAL LR
A81: AIU PROPUESTO | B81: 0.32
A82: COSTO DIRECTO | B82: 11721611722
A84: COSTO DIRECTO | B84: =B82 -> 11721611722
A85: A.I.U. | B85: =B84*B81 -> 3.7509158e+09
A86: GESTION AMBIENTAL | B86: 175824176
A87: GESTION SOCIAL | B87: 175824176
A88: MANEJO DE TRAFICO Y SEÑALIZACION | B88: 175824176
A89: COSTO TOTAL DE LAS OBRAS | B89: =SUM(B84:B88) -> 1.6e+10
B90: NO CUMPLE
A92: 10
A93: ='CONSOLIDADO INICIAL'!B16 -> CONSORCIO VIAL PC -13 | H93: =B95 -> 11748159893
A94: AIU PROPUESTO | B94: 0.3170171 | H94: =B98 -> 3.7243676e+09
A95: COSTO DIRECTO | B95: 11748159893 | H95: =B60 -> 175824176
H96: =B61 -> 175824176
A97: COSTO DIRECTO | B97: =B95 -> 11748159893 | H97: =B62 -> 175824176
A98: A.I.U. | B98: =B97*B94 -> 3.7243676e+09 | H98: =SUM(H93:H97) -> 1.6e+10
A99: GESTION AMBIENTAL | B99: 175824176
A100: GESTION SOCIAL | B100: 175824176
A101: MANEJO DE TRAFICO Y SEÑALIZACION | B101: 175824176
A102: COSTO TOTAL DE LAS OBRAS | B102: =SUM(B97:B101) -> 1.6e+10
B103: NO CUMPLE
A105: 14
A106: ='CONSOLIDADO INICIAL'!B20 -> HB ESTRUCTURAS METALICAS SAS
A107: AIU PROPUESTO | B107: 0.3172
A108: COSTO DIRECTO | B108: 11721611722
A110: COSTO DIRECTO | B110: =B108 -> 11721611722
A111: A.I.U. | B111: =B110*B107 -> 3.7180952e+09
A112: GESTION AMBIENTAL | B112: 175824176
A113: GESTION SOCIAL | B113: 175824176
A114: MANEJO DE TRAFICO Y SEÑALIZACION | B114: 175824176
A115: COSTO TOTAL DE LAS OBRAS | B115: =SUM(B110:B114) -> 1.5967179e+10
...

Sheet verif aritm
B1: ALCALDIA LOCAL DE CIUDAD BOLIVAR
A3: objeto “CONTRATAR A PRECIOS FIJOS Y A MONTO AGOTABLE COMPLEMENTACIÓN Y/O ACTUALIZACIÓN Y/O AJUSTES DE DISEÑOS Y CONSTRUCCIÓN Y/O RECONSTRUCCIÓN DE LA MALLA VIAL 2018, DE LA LOCALIDAD DE CIUDAD BOLÍVAR, EN BOGOTÁ D.C.”
A4: ANEXO No. 8
A6: INFORMACIÓN PRESUPUESTO OFICIAL | H6: REVISIÓN | I6: CON Y CON | J6: CONCRESCOL | K6: consorcio c&m | L6: consorcio intercon 013 | M6: Consorcio Malla Vial 2018 | N6: consorcio malla vial 2019 | O6: consorcio malla vial lr | P6: consorcio pc-13 | Q6: hb estructuras metalicas | R6: luis alberto gonzalez chaux | S6: LYDCO INGENIERIA S.A.S | T6: ut p&j ingenieros
A7: ÍTEM | B7: DESCRIPCIÓN | C7: UNIDAD | D7: CANTIDAD (1) | E7: UNIDAD | F7: VR. UNITARIO OFICIAL (2) | G7: VR. PARCIAL OFICIAL (3) = (1) X (2)
A8: Z | B8: EXCAVACION MANUAL PARA REDES PROFUNDIDAD 0m - 2m (Incluye Cargue) | C8: GL | D8: 1 | E8: M3 | F8: 25076 | G8: =D8*F8 -> 25076 | H8: =IF(OR(#REF!<=0,#REF!>F8),"ERROR","OK") -> #REF! | I8: 24798 | J8: 24737 | K8: 24794 | L8: 24772 | M8: 24863 | N8: 24818 | O8: 24650 | P8: 24804 | Q8: 24860 | R8: 24825 | S8: 24810 | T8: 24813
A9: 3010 | B9: DEMOLICION PAVIMENTO ASFALTICO (Incluye Cargue). No incluye transporte y disposición final de sobrantes. Rendimiento estimado para espesores max. 0.15m | C9: GL | D9: 1 | E9: M3 | F9: 27109 | G9: =D9*F9 -> 27109 | H9: =IF(OR(#REF!<=0,#REF!>F9),"ERROR","OK") -> #REF! | I9: 26808 | J9: 26743 | K9: 26804 | L9: 26780 | M9: 26879 | N9: 26830 | O9: 26648 | P9: 26815 | Q9: 26876 | R9: 26838 | S9: 26822 | T9: 26824
A10: 3011 | B10: DEMOLICION MANUAL SARDINEL EXISTENTE (Incluye Cargue). No incluye transporte y disposición final de sobrantes. | C10: M2 | D10: 1 | E10: ML | F10: 3636 | G10: =D10*F10 -> 3636 | H10: =IF(OR(#REF!<=0,#REF!>F10),"ERROR","OK") -> #REF! | I10: 3596 | J10: 3587 | K10: 3595 | L10: 3592 | M10: 3605 | N10: 3599 | O10: 3574 | P10: 3596 | Q10: 3605 | R10: 3600 | S10: 3597 | T10: 3598
A11: 3012 | B11: DEMOLICION PISOS DE CONCRETO (Espesor variable. Incluye Cargue). No incluye transporte y disposición final de sobrantes. Rendimiento estimado para un espesor de 0.10m | C11: ML | D11: 1 | E11: M2 | F11: 5486 | G11: =D11*F11 -> 5486 | H11: =IF(OR(#REF!<=0,#REF!>F11),"ERROR","OK") -> #REF! | I11: 5425 | J11: 5412 | K11: 5424 | L11: 5419 | M11: 5439 | N11: 5429 | O11: 5393 | P11: 5426 | Q11: 5439 | R11: 5431 | S11: 5428 | T11: 5428
A12: 3015 | B12: RETIRO DE POSTES DE AP/LA (Incluye Traslado a Sitio de Acopio) | C12: M2 | D12: 1 | E12: UN | F12: 251180 | G12: =D12*F12 -> 251180 | H12: =IF(OR(#REF!<=0,#REF!>F12),"ERROR","OK") -> #REF! | I12: 248392 | J12: 247789 | K12: 248357 | L12: 248132 | M12: 249045 | N12: 248593 | O12: 246910 | P12: 248464 | Q12: 249020 | R12: 248671 | S12: 248517 | T12: 248543
A13: 3017 | B13: TRANSPORTE Y DISPOSICION FINAL DE ESCOMBROS EN SITIO AUTORIZADO (distancia de transporte 21 Km). A distancia mayor del acarreo libre (90 m) en sitio autorizado por la entidad Ambiental competente. | C13: M3 | D13: 1 | E13: M3 | F13: 23644 | G13: =D13*F13 -> 23644 | H13: =IF(OR(#REF!<=0,#REF!>F13),"ERROR","OK") -> #REF! | I13: 23382 | J13: 23325 | K13: 23378 | L13: 23357 | M13: 23443 | N13: 23400 | O13: 23242 | P13: 23388 | Q13: 23441 | R13: 23408 | S13: 23393 | T13: 23396
A14: 3018 | B14: RELLENO EN TIERRA NEGRA PARA EMPRADIZACION (Suministro y Extendido) | C14: M3 | D14: 1 | E14: M3 | F14: 55415 | G14: =D14*F14 -> 55415 | H14: =IF(OR(#REF!<=0,#REF!>F14),"ERROR","OK") -> #REF! | I14: 54800 | J14: 54667 | K14: 54792 | L14: 54742 | M14: 54944 | N14: 54844 | O14: 54473 | P14: 54815 | Q14: 54938 | R14: 54861 | S14: 54828 | T14: 54833
A15: 3021 | B15: DEMOLICION PAVIMENTO ASFALTICO (Espesor Variable. Incluye Cargue). No incluye transporte y disposición final de sobrantes. Rendimiento estimado para espesores max. 0.15m | C15: M2 | D15: 1 | E15: M2 | F15: 5022 | G15: =D15*F15 -> 5022 | H15: =IF(OR(#REF!<=0,#REF!>F15),"ERROR","OK") -> #REF! | I15: 4966 | J15: 4954 | K15: 4966 | L15: 4961 | M15: 4979 | N15: 4970 | O15: 4937 | P15: 4967 | Q15: 4979 | R15: 4972 | S15: 4969 | T15: 4969
A16: 3022 | B16: DEMOLICION PISOS DE CONCRETO (incluye cargue). No incluye transporte y disposición final de sobrantes. Rendimiento estimado para espesores de 0.20m. | C16: M2 | D16: 1 | E16: M3 | F16: 41502 | G16: =D16*F16 -> 41502 | H16: =IF(OR(#REF!<=0,#REF!>F16),"ERROR","OK") -> #REF! | I16: 41041 | J16: 40942 | K16: 41036 | L16: 40998 | M16: 41149 | N16: 41075 | O16: 40796 | P16: 41053 | Q16: 41145 | R16: 41087 | S16: 41062 | T16: 41066
A17: 3024 | B17: RELLENO PARA REDES EN ARENA DE PEÑA (Suministro, Extendido, Humedecimiento y Compactación) | C17: ML | D17: 1 | E17: M3 | F17: 95175 | G17: =D17*F17 -> 95175 | H17: =IF(OR(#REF!<=0,#REF!>F17),"ERROR","OK") -> #REF! | I17: 94119 | J17: 93890 | K17: 94105 | L17: 94020 | M17: 94366 | N17: 94195 | O17: 93557 | P17: 94146 | Q17: 94356 | R17: 94224 | S17: 94166 | T17: 94176
A18: 3027 | B18: SARDINEL TIPO A10 (Suministro e Instalación. Incluye 3cm Mortero 1:5) | C18: M2 | D18: 1 | E18: ML | F18: 48173 | G18: =D18*F18 -> 48173 | H18: =IF(OR(#REF!<=0,#REF!>F18),"ERROR","OK") -> #REF! | I18: 47638 | J18: 47523 | K18: 47632 | L18: 47588 | M18: 47764 | N18: 47677 | O18: 47354 | P18: 47652 | Q18: 47759 | R18: 47692 | S18: 47662 | T18: 47667
A19: 3041 | B19: TUBERIA PVC U.M. EXT CORRUGADO/INT LISO U.M. NORMA NTC 3722-1 D=4" (Incluye Suministro e Instalación) | C19: M3 | D19: 1 | E19: ML | F19: 21140 | G19: =D19*F19 -> 21140 | H19: =IF(OR(#REF!<=0,#REF!>F19),"ERROR","OK") -> #REF! | I19: 20905 | J19: 20855 | K19: 20902 | L19: 20883 | M19: 20960 | N19: 20922 | O19: 20781 | P19: 20911 | Q19: 20958 | R19: 20692 | S19: 20916 | T19: 20918
A20: 3050 | B20: RELLENO EN MATERIAL SELECCIONADO PROVENIENTE DE LA EXCAVACIÓN (Extendido manual, Humedecimiento y Compactación) | C20: M2 | D20: 1 | E20: M3 | F20: 22328 | G20: =D20*F20 -> 22328 | H20: =IF(OR(#REF!<=0,#REF!>F20),"ERROR","OK") -> #REF! | I20: 22080 | J20: 22027 | K20: 22077 | L20: 22057 | M20: 22138 | N20: 22098 | O20: 21948 | P20: 22086 | Q20: 22136 | R20: 22105 | S20: 22091 | T20: 22094
... A68: 3303 | B68: CODO HD 45° EXTREMO LISO PARA PVC D=2" (Suministro e Instalación) | C68: UN | D68: 1 | E68: UN | F68: 102251 | G68: =D68*F68 -> 102251 | H68: =IF(OR(#REF!<=0,#REF!>F68),"ERROR","OK") -> #REF! | I68: 101116 | J68: 100871 | K68: 101102 | L68: 101010 | M68: 101382 | N68: 101198 | O68: 100513 | P68: 101145 | Q68: 101372 | R68: 101230 | S68: 101167 | T68: 101177
A69: 3304 | B69: CODO HD 45° EXTREMO LISO PARA PVC D=3" (Suministro e Instalación) | D69: 1 | E69: UN | F69: 123217 | G69: =D69*F69 -> 123217 | I69: 121849 | J69: 121554 | K69: 121832 | L69: 121722 | M69: 122170 | N69: 121948 | O69: 121122 | P69: 121885 | Q69: 122157 | R69: 121986 | S69: 121911 | T69: 121923
A70: 3305 | B70: CODO HD 45° EXTREMO LISO PARA PVC D=4" (Suministro e Instalación) | D70: 1 | E70: UN | F70: 157901 | G70: =D70*F70 -> 157901 | I70: 156148 | J70: 155769 | K70: 156126 | L70: 155985 | M70: 156559 | N70: 156275 | O70: 155217 | P70: 156194 | Q70: 156543 | R70: 156324 | S70: 156227 | T70: 156243
A71: 3306 | B71: CODO HD 45° EXTREMO LISO PARA PVC D=6" (Suministro e Instalación) | D71: 1 | E71: UN | F71: 313880 | G71: =D71*F71 -> 313880 | I71: 310396 | J71: 309643 | K71: 310352 | L71: 310071 | M71: 311212 | N71: 310647 | O71: 308544 | P71: 310486 | Q71: 311181 | R71: 310744 | S71: 310553 | T71: 310584
A72: 3307 | B72: CODO HD 45° EXTREMO LISO PARA PVC D=8" (Suministro e Instalación) | D72: 1 | E72: UN | F72: 665467 | G72: =D72*F72 -> 665467 | I72: 658080 | J72: 656483 | K72: 657987 | L72: 657391 | M72: 659811 | N72: 658613 | O72: 654154 | P72: 658273 | Q72: 659744 | R72: 658819 | S72: 658413 | T72: 658480
A73: 3320 | B73: TAPON HD EXTREMO LISO D=6" (Suministro e Instalación) | D73: 1 | E73: UN | F73: 252357 | G73: =D73*F73 -> 252357 | I73: 249556 | J73: 248950 | K73: 249521 | L73: 249294 | M73: 250212 | N73: 249758 | O73: 248067 | P73: 249629 | Q73: 250187 | R73: 249836 | S73: 249682 | T73: 249707
A74: 3378 | B74: DESCAPOTE A MANO EN MATERIAL COMUN (e=0.1m. Incluye Cargue) | D74: 1 | E74: M2 | F74: 2194 | G74: =D74*F74 -> 2194 | I74: 2170 | J74: 2164 | K74: 2169 | L74: 2167 | M74: 2175 | N74: 2171 | O74: 2157 | P74: 2170 | Q74: 2175 | R74: 2172 | S74: 2171 | T74: 2171
A75: 3379 | B75: 4 DUCTOS D=6" PVC-TDP (Incluye Suministro e Instalación. No Incluye Rellenos). NORMA CS217. | D75: 1 | E75: ML | F75: 122577 | G75: =D75*F75 -> 122577 | I75: 121216 | J75: 120922 | K75: 121199 | L75: 121089 | M75: 121535 | N75: 121314 | O75: 120493 | P75: 121251 | Q75: 121523 | R75: 121352 | S75: 121278 | T75: 121290
A76: 3380 | B76: 4 DUCTOS D=4" PVC-TDP (Incluye Suministro e Instalación. No Incluye Rellenos) NORMA CS209. | D76: 1 | E76: ML | F76: 55792 | G76: =D76*F76 -> 55792 | I76: 55173 | J76: 55039 | K76: 55165 | L76: 55115 | M76: 55318 | N76: 55217 | O76: 54844 | P76: 55188 | Q76: 55312 | R76: 55235 | S76: 55201 | T76: 55206
A77: 3382 | B77: 1 DUCTO D=3" PVC-TDP (Incluye Suministro e Instalación. No Incluye Rellenos) NORMA CS220. | D77: 1 | E77: ML | F77: 13311 | G77: =D77*F77 -> 13311 | I77: 13163 | J77: 13131 | K77: 13161 | L77: 13149 | M77: 13198 | N77: 13174 | O77: 13085 | P77: 13167 | Q77: 13197 | R77: 13178 | S77: 13170 | T77: 13171
A78: 3385 | B78: 6 DUCTOS D=4" PVC-TDP (Incluye Suministro e Instalación. No Incluye Rellenos) | D78: 1 | E78: ML | F78: 82403 | G78: =D78*F78 -> 82403 | I78: 81488 | J78: 81291 | K78: 81477 | L78: 81403 | M78: 81703 | N78: 81554 | O78: 81002 | P78: 81512 | Q78: 81694 | R78: 81580 | S78: 81530 | T78: 81538
A79: 3394 | B79: LOSA DE CONCRETO MR41 (Suministro, Formaleteado, Colocación y Acabado. No Incluye Acero, Curado, Juntas) | D79: 1 | E79: M3 | F79: 488872 | G79: =D79*F79 -> 488872 | I79: 483446 | J79: 488872 | K79: 483377 | L79: 482939 | M79: 484717 | N79: 483837 | O79: 480561 | P79: 483587 | Q79: 484668 | R79: 483988 | S79: 483690 | T79: 483739
A80: 3397 | B80: CANECA TIPO M120 (En malla metálica. Incluye Suministro e Instalación. Incluye base en Concreto 1500 PSI, Hecho en Obra) | D80: 1 | E80: UN | F80: 279338 | G80: =D80*F80 -> 279338 | I80: 276237 | J80: 275567 | K80: 276198 | L80: 275948 | M80: 276964 | N80: 276461 | O80: 274589 | P80: 276318 | Q80: 276936 | R80: 276547 | S80: 276377 | T80: 276405
... A337: 6477 | B337: MURO DE CONTENCIÓN EN CONCRETO 4000 PSI (Premezclado. Incluye suministro, formaleteo y colocación. No incluye refuerzo, curado, andamio, cerchas, parales). | D337: 1 | E337: M3 | F337: 690711 | G337: =D337*F337 -> 690711 | I337: 683044 | J337: 681386 | K337: 682947 | L337: 682329 | M337: 684840 | N337: 683597 | O337: 678969 | P337: 683244 | Q337: 684771 | R337: 683811 | S337: 683389 | T337: 683459
B338: VALOR OBRA COSTO DIRECTO | G338: =SUM(G8:G337) -> 116543425 | H338: =SUM(H8:H337) -> #REF! | I338: =SUM(I8:I337) -> 115249797 | J338: =SUM(J8:J337) -> 115052103 | K338: =SUM(K8:K337) -> 115233473 | L338: =SUM(L8:L337) -> 115129079 | M338: =SUM(M8:M337) -> 115552816 | N338: =SUM(N8:N337) -> 115343037 | ... T338: =SUM(T8:T337) -> 115319716
H339: =IF(OR(#REF!<=0,#REF!>F339),"ERROR","OK") -> #REF! | J339: 0 | S339: 0
A340: 9 | B340: REVISIÓN Y AJUSTES DE DISEÑOS | J340: 0 | S340: 0
A341: A001 | B341: AJUSTE A LOS DISEÑOS | C341: UN | D341: 1 | E341: UN | F341: 4203850 | G341: =D341*F341 -> 4203850 | I341: 4203850 | J341: 4203850 | K341: 4203850 | L341: 4203850 | M341: 4203850 | O341: 4203850 | P341: 4203850 | Q341: 4203850 | R341: 4203850 | S341: 4203850 | T341: 4203850
B342: DIAGNOSTICO Y DISEÑOS | G342: =+G341 -> 4203850 | H342: =+H341 -> 0 | I342: =+I341 -> 4203850 | J342: =+J341 -> 4203850 | K342: =+K341 -> 4203850 | L342: =+L341 -> 4203850 | M342: =+M341 -> 4203850 | N342: =+N341 -> 0 | ... T342: =+T341 -> 4203850
H343: =IF(OR(#REF!<=0,#REF!>F343),"ERROR","OK") -> #REF! | J343: 0 | S343: 0
A344: 2 | B344: GESTION AMBIENTAL, SOCIAL Y DE TRÁFICO (Valores fijos) | J344: 0 | S344: 0
A345: 2.1 | B345: GESTIÓN AMBIENTAL | C345: GL | D345: 0.015 | G345: =$G$338*D345 -> 1748151.4 | H345: =$G$338*E345 -> 0 | I345: 1725699.4 | J345: 1748151.4 | K345: 1748151.4 | L345: 1722618.8 | M345: 1748151.4 | O345: 1718433 | P345: 1748151 | Q345: 1748151 | R345: 1748151 | S345: 1729620.9 | T345: 1748151.4
A346: 2.2 | B346: GESTIÓN SOCIAL | C346: GL | D346: 0.015 | G346: =$G$338*D346 -> 1748151.4 | H346: =IF(OR(#REF!<=0,#REF!>F346),"ERROR","OK") -> #REF! | I346: 1725699.4 | J346: 1748151.4 | K346: 1748151.4 | L346: 1722618.8 | M346: 1748151.4 | O346: 1718433 | P346: 1748151 | Q346: 1748151 | R346: 1748151 | S346: 1729620.9 | T346: 1748151.4
A347: 2.3 | B347: MANEJO DE TRÁFICO Y SEÑALIZACIÓN | C347: GL | D347: 0.015 | G347: =$G$338*D347 -> 1748151.4 | H347: =IF(OR(#REF!<=0,#REF!>F347),"ERROR","OK") -> #REF! | I347: 1725699.4 | J347: 1748151.4 | K347: 1748151.4 | L347: 1722618.8 | M347: 1748151.4 | O347: 1718433 | P347: 1748151 | Q347: 1748151 | R347: 1748151 | S347: 1729620.9 | T347: 1748151.4
B348: GESTIÓN AMBIENTAL, SOCIAL, MANEJO DE TRÁFICO Y SEÑALIZACIÓN | G348: =SUM(G345:G347) -> 5244454.1 | H348: =SUM(H345:H347) -> #REF! | I348: =SUM(I345:I347) -> 5177098.2 | J348: =SUM(J345:J347) -> 5244454.1 | K348: =SUM(K345:K347) -> 5244454.1 | L348: =SUM(L345:L347) -> 5167856.5 | M348: =SUM(M345:M347) -> 5244454.1 | N348: =SUM(N345:N347) -> 0 | ... T348: =SUM(T345:T347) -> 5244454.1
G349: SUMATORIA DE VALORES PARCIALES OFICIALES | H349: SUMATORIA DE VALORES PARCIALES OFICIALES | I349: SUMATORIA DE VALORES PARCIALES OFICIALES | J349: SUMATORIA DE VALORES PARCIALES PROPUESTOS | K349: SUMATORIA DE VALORES PARCIALES PROPUESTOS | M349: SUMATORIA DE VALORES PARCIALES PROPUESTOS | N349: SUMATORIA DE VALORES PARCIALES PROPUESTOS | O349: SUMATORIA DE VALORES PARCIALES PROPUESTOS | P349: SUMATORIA DE VALORES PARCIALES PROPUESTOS | Q349: SUMATORIA DE VALORES PARCIALES PROPUESTOS | R349: SUMATORIA DE VALORES PARCIALES PROPUESTOS | S349: SUMATORIA DE VALORES PARCIALES PROPUESTOS | T349: SUMATORIA DE VALORES PARCIALES PROPUESTOS
A350: (A) VALOR TOTAL (SIN INCLUIR A.I.U.) = | G350: =G338+G348+G342 -> 1.2599173e+08 | H350: =H338+H348+H342 -> #REF! | I350: =I338+I348+I342 -> 1.2463075e+08 | J350: =J338+J348+J342 -> 1.2450041e+08 | K350: =K338+K348+K342 -> 1.2468178e+08 | L350: =L338+L348+L342 -> 1.2450079e+08 | M350: =M338+M348+M342 -> 1.2500112e+08 | N350: =N338+N348+N342 -> 115343037 | ... T350: =T338+T348+T342 -> 1.2476802e+08
B351: COSTOS INDIRECTOS ( A.I.U. ) | C351: 0.26 | D351: ADMINISTRACION 26% | G351: =G338*0.26 -> 30301290 | K351: 115233473 | N351: NO OFERTA AJUSTES A DISEÑOS Y GESTIONES | Q351: CORRECCION ARITMETICA | R351: OJO
C352: 0.01 | D352: IMPREVISTOS 1% | G352: =G338*0.01 -> 1165434.2
C353: 0.05 | D353: UTILIDAD 5% | G353: =G338*0.05 -> 5827171.2 | R353: 1.2482747e+08
B354: SUBTOTAL COSTO INDIRECTO | G354: =+G351+G352+G353 -> 37293896 | R354: =+R350-R353 -> 660.87 | U354: media geometrica
I355: =I350 -> 1.2463075e+08 | J355: =J350 -> 1.2450041e+08 | L355: =L350 -> 1.2450079e+08 | M355: =M350 -> 1.2500112e+08 | U355: =GEOMEAN($I$355:$T$355) -> 1.246581e+08
A356: VALOR INDICE DE MEJORAMIENTO INTEGRAL DE ESPACIO PÚBLICO APROXIMADO AL PESO | G356: =+G350+G354 -> 1.6328563e+08 | I356: =ABS(I355-$U$355) -> 27351.017 | J356: =ABS(J355-$U$355) -> 157689.05 | L356: =ABS(L355-$U$355) -> 157310.63 | M356: =ABS(M355-$U$355) -> 343023.95
I357: =RANK(I356,$I$356:$T$356,1) -> 1 | J357: =RANK(J356,$I$356:$T$356,1) -> 3 | L357: =RANK(L356,$I$356:$T$356,1) -> 2 | M357: =RANK(M356,$I$356:$T$356,1) -> 4
I358: =IF(I357=1,500,"pond") -> 500 | J358: =((1-ABS(($U$355-J355)/$U$355))*500)-10 -> 489.36751 | L358: =((1-ABS(($U$355-L355)/$U$355))*500)-10 -> 489.36903 | M358: =((1-ABS(($U$355-M355)/$U$355))*500)-10 -> 488.62414
A361: Notas: | I361: ='VERIF FTO 9 A.I.U'!B3 -> 0.317673 | J361: ='VERIF FTO 9 A.I.U'!B16 -> 0.32 | L361: ='VERIF FTO 9 A.I.U'!B42 -> 0.3167 | M361: ='VERIF FTO 9 A.I.U'!B55 -> 0.3174494 | U361: =GEOMEAN($I$361:$T$361) -> 0.31795321
A362: 1. Diligencie la totalidad de los valores unitarios solicitados en este Anexo. | I362: =ABS(I361-$U$361) -> 0.00028021019 | J362: =ABS(J361-$U$361) -> 0.0020467898 | L362: =ABS(L361-$U$361) -> 0.0012532102 | M362: =ABS(M361-$U$361) -> 0.00050381019
A363: 2. El valor unitario propuesto debe ser menor o igual al Valor Unitario oficial so pena de rechazo de la oferta | I363: =RANK(I362,$I$362:$T$362,1) -> 1 | J363: =RANK(J362,$I$362:$T$362,1) -> 4 | L363: =RANK(L362,$I$362:$T$362,1) -> 3 | M363: =RANK(M362,$I$362:$T$362,1) -> 2
A364: 3. El valor total ofertado debe ser menor o igual al respectivo valor oficial so pena de rechazo de la oferta. | I364: =IF(I363=1,270,"pond") -> 270 | J364: =((1-ABS(($U$361-J362)/$U$355))*270)-10 -> 260 | L364: =((1-ABS(($U$361-L362)/$U$355))*270)-10 -> 260 | M364: =((1-ABS(($U$361-M362)/$U$355))*270)-10 -> 260
A365: 4. Ajuste al peso todos los valores solicitados en este anexo.
A366: 5. No modifique los valores fijos.
A367: 6. El valor total de la propuesta economica influye solamente para calificación y el valor de cada item sera el que se cancelara durante la vigencia del contrato | I367: 230 | J367: 230 | L367: 230 | M367: 230
A368: 7. El valor total de la propuesta que arroja el presente Formato, que es la suma de los precios unitarios, será la que se tendrá en cuenta para efectos de la evaluación.
I371: =I358+I364+I367 -> 1000 | J371: =J358+J364+J367 -> 979.36751 | L371: =L358+L364+L367 -> 979.36903 | M371: =M358+M364+M367 -> 978.62414
I372: =RANK(I371,$I$371:$R$371,0) -> 1 | J372: =RANK(J371,$I$371:$R$371,0) -> 3 | L372: =RANK(L371,$I$371:$R$371,0) -> 2 | M372: =RANK(M371,$I$371:$R$371,0) -> 4

Sheet CONSOLIDADO INICIAL
A1: PROCESO DE CONTRATACION FDLCB-LP-013-2018 | C1: =+'[1]1-CON Y CON S.A.S'!B4 -> CONTRATAR A PRECIOS FIJOS Y A MONTO AGOTABLE LA COMPLEMENTACION Y/O ACTUALIZACION Y/O AJUSTES DE DISEÑOS Y LA CONSTRUCCION Y/O RECONSTRUCCION DE LA MALLA VIAL DE LA LOCALIDAD DE CUIDAD BOLIVAR, EN BOGOTA D.C
A4: N° | B4: PROPONENTES | C4: CONSOLIDADO | F4: PONDERABLE
C5: VERIFICACIONES
C6: JURIDICA | D6: FINANCIERA | E6: TECNICA
A7: 1 | B7: =+'[1]1-CON Y CON S.A.S'!E6 -> CONSULTORÍA Y CONSTRUCCIÓN S.A.S. | C7: HABIL | D7: HABIL | E7: HABIL | F7: 230 | G7: PDF
A8: 2 | B8: =+'[1]2-CONCRESCOL S.A'!E5 -> CONCRESCOL S.A | C8: HABIL | D8: HABIL | E8: HABIL | F8: 230 | G8: EXCEL
A9: 3 | B9: =+'[1]3-CONSORCIO BOLIVAR 011'!E5 -> CONSORCIO BOLIVAR 011 | C9: HABIL | D9: HABIL | E9: NO HABIL | F9: N/E
A10: 4 | B10: =+'[1]4- CONSORCIO C&M CIUDAD BOLÍVAR'!E5 -> CONSORCIO C&M CIUDAD BOLÍVAR | C10: HABIL | D10: HABIL | E10: HABIL | F10: =+'[1]4- CONSORCIO C&M CIUDAD BOLÍVAR'!O22 -> 230 | G10: PDF
A11: 5 | B11: =+'[1]5- CONSORCIO INTERCON 013'!E5 -> CONSORCIO INTERCON 013 | C11: HABIL | D11: HABIL | E11: HABIL | F11: =+'[1]5- CONSORCIO INTERCON 013'!O22 -> 230 | G11: ZIP
A12: 6 | B12: =+'[1]6-CONSORCIO MALLA VIAL 2018'!E5 -> CONSORCIO MALLA VIAL 2018 | C12: HABIL | D12: HABIL | E12: HABIL | F12: 230
A13: 7 | B13: =+'[1]7-CONSORCIO MALLA VIAL 2019'!E5 -> CONSORCIO MALLA VIAL 2019 | C13: HABIL | D13: HABIL | E13: HABIL | F13: 230
A14: 8 | B14: =+'[1]8-CONSORCIO MALLA VIAL LR'!E5 -> CONSORCIO MALLA VIAL LR | C14: HABIL | D14: HABIL | E14: HABIL | F14: 230
A15: 9 | B15: =+'[1]9- CON. VIAL CIUDAD BOLIVAR MV'!E5 -> CONSORCIO VIAL CIUDAD BOLIVAR MV | C15: NO HABIL | D15: HABIL | E15: HABIL | F15: N/E
A16: 10 | B16: =+'[1]10-CONSORCIO VIAL PC -13'!E5 -> CONSORCIO VIAL PC -13 | C16: HABIL | D16: HABIL | E16: HABIL | F16: =+'[1]10-CONSORCIO VIAL PC -13'!O22 -> 230 | G16: ZIP
A17: 11 | B17: =+'[1]11-CONSORCIO VIAS BOLÍVAR 2018'!E5 -> CONSORCIO VIAS BOLÍVAR 2018 | C17: HABIL | D17: HABIL | E17: NO HABIL | F17: N/E
A18: 12 | B18: =+'[1]12-CONSORCTRB013'!E5 -> CONSORCTRB013 | C18: NO HABIL | D18: HABIL | E18: NO HABIL | F18: N/E
A19: 13 | B19: =+'[1]13-CS INFRA C. BOLÍVAR'!E5 -> CS INFRA C. BOLÍVAR | C19: NO HABIL | D19: HABIL | E19: NO HABIL | F19: N/E
A20: 14 | B20: =+'[1]14-HB ESTRUCTURAS METALICAS SAS'!E5 -> HB ESTRUCTURAS METALICAS SAS | C20: HABIL | D20: HABIL | E20: HABIL | F20: 230 | G20: ZIP
A21: 15 | B21: =+'[1]15-LUIS ALBERTO GONZALEZ CH '!E5 -> LUIS ALBERTO GONZALEZ CHAUX | C21: HABIL | D21: HABIL | E21: HABIL | F21: =+'[1]15-LUIS ALBERTO GONZALEZ CH '!O22 -> 230 | G21: PDF
A22: 16 | B22: =+'[1]16-LYDCO INGENIERIA S.A.S'!E5 -> LYDCO INGENIERIA S.A.S | C22: HABIL | D22: HABIL | E22: HABIL | F22: 230
A23: 17 | B23: =+'[1]17-UT MA. VIAL P & J INGENIEROS'!E5 -> UNION TEMPORAL MALLA VIAL P & J INGENIEROS | C23: HABIL | D23: HABIL | E23: HABIL | F23: 230
B26: ORIGINAL FIRMADO
A30: JESUS DAVID DIAZ | D30: JUAN PABLO MOJICA
A31: Evaluador Jurídico | D31: Evaluador Técnico
A36: OSCAR FERNANDO MELO | D36: JUAN ALFREDO TORRES PRIETO
A37: Evaluador Financiero | D37: Evaluador Técnico

Sheet RESUMEN
A1: PROCESO DE CONTRATACION FDLCB-LP-013-2018 | C1: =+'1-CON Y CON S.A.S'!B4 -> CONTRATAR A PRECIOS FIJOS Y A MONTO AGOTABLE LA COMPLEMENTACION Y/O ACTUALIZACION Y/O AJUSTES DE DISEÑOS Y LA CONSTRUCCION Y/O RECONSTRUCCION DE LA MALLA VIAL DE LA LOCALIDAD DE CUIDAD BOLIVAR, EN BOGOTA D.C
A4: N° | B4: PROPONENTES | C4: CAPACIDAD TÉCNICA | D4: CAPACIDAD RESIDUAL | E4: HABILITANTE | F4: PONDERABLE | G4: SUBSANÓ | H4: OBSERVACIONES
C5: VALOR MINIMO A CERTIFICAR SMMLV | D5: CAPACIDAD RESIDUAL
A7: 1 | B7: =+'1-CON Y CON S.A.S'!E6 -> CONSULTORÍA Y CONSTRUCCIÓ N S.A.S. | C7: =+'1-CON Y CON S.A.S'!O10 -> CUMPLE | D7: =+'1-CON Y CON S.A.S'!O13 -> CUMPLE | E7: =IF(AND(D7="CUMPLE",C7="CUMPLE"),"HABIL","NO HABIL") -> HABIL | F7: =+'1-CON Y CON S.A.S'!O22 -> 230 | G7: -
A8: 2 | B8: =+'2-CONCRESCOL S.A'!E5 -> CONCRESCOL S.A | C8: =+'2-CONCRESCOL S.A'!O9 -> CUMPLE | D8: =+'2-CONCRESCOL S.A'!O12 -> CUMPLE | E8: =IF(AND(D8="CUMPLE",C8="CUMPLE"),"HABIL","NO HABIL") -> HABIL | F8: =+'2-CONCRESCOL S.A'!O21 -> 230 | G8: SI | H8: APORTA DOCUMENTOS REQUERIDOS DE SUBSANACION
A9: 3 | B9: =+'3-CONSORCIO BOLIVAR 011'!E5 -> CONSORCIO BOLIVAR 011 | C9: =+'3-CONSORCIO BOLIVAR 011'!O10 -> NO CUMPLE | D9: =+'3-CONSORCIO BOLIVAR 011'!O13 -> CUMPLE | E9: =IF(AND(D9="CUMPLE",C9="CUMPLE"),"HABIL","NO HABIL") -> NO HABIL | F9: =+'3-CONSORCIO BOLIVAR 011'!O22 -> 0 | G9: NO | H9: LOS DOCUMENTOS APORTADOS NO SUBSANAN EL REQUERIMIENTO A " LA EXPERIENCIA APORTADA EN EL ANEXO NO. 5-EXPERIENCIA DEL PROPONENTE, NO CORRESPONDE CON LO ESTABLECIDO EN EL ESTUDIO PREVIO-NUMERAL -CAPACIDAD TECNICA-INFORMACION SOBRE EXPERIENCIA DEL PROPONENTE LA CUAL REFIERE: " LA CONSTRUCCION DE LA INFRAESTRUCTURA VIAL PARA TRAFICO VEHICULAR DE VIAS URBANAS O VIAS INTERURBANAS DE LA MALLA VIAL PRIMARIA" SOLICITADO EN LA EVALUACION PRELIMINAR
A10: 4 | B10: =+'4- CONSORCIO C&M CIUDAD BOLÍVAR'!E5 -> CONSORCIO C&M CIUDAD BOLÍVAR | C10: =+'4- CONSORCIO C&M CIUDAD BOLÍVAR'!O10 -> CUMPLE | D10: =+'4- CONSORCIO C&M CIUDAD BOLÍVAR'!O13 -> CUMPLE | E10: =IF(AND(D10="CUMPLE",C10="CUMPLE"),"HABIL","NO HABIL") -> HABIL | F10: =+'4- CONSORCIO C&M CIUDAD BOLÍVAR'!O22 -> 230 | G10: -
A11: 5 | B11: =+'5- CONSORCIO INTERCON 013'!E5 -> CONSORCIO INTERCON 013 | C11: =+'5- CONSORCIO INTERCON 013'!O10 -> CUMPLE | D11: =+'5- CONSORCIO INTERCON 013'!O13 -> CUMPLE | E11: =IF(AND(D11="CUMPLE",C11="CUMPLE"),"HABIL","NO HABIL") -> HABIL | F11: =+'5- CONSORCIO INTERCON 013'!O22 -> 230 | G11: -
A12: 6 | B12: =+'6-CONSORCIO MALLA VIAL 2018'!E5 -> CONSORCIO MALLA VIAL 2018 | C12: =+'6-CONSORCIO MALLA VIAL 2018'!O10 -> CUMPLE | D12: =+'6-CONSORCIO MALLA VIAL 2018'!O13 -> CUMPLE | E12: =IF(AND(D12="CUMPLE",C12="CUMPLE"),"HABIL","NO HABIL") -> HABIL | F12: =+'6-CONSORCIO MALLA VIAL 2018'!$O$22 -> 230 | G12: - | H12: EVALUACION PRELIMINAR SE REFIRIO A N/E , TODA VEZ QUE NO CUMPLIA CON LA CAPACIDAD JURIDICA
A13: 7 | B13: =+'7-CONSORCIO MALLA VIAL 2019'!E5 -> CONSORCIO MALLA VIAL 2019 | C13: =+'7-CONSORCIO MALLA VIAL 2019'!O10 -> CUMPLE | D13: =+'7-CONSORCIO MALLA VIAL 2019'!O13 -> CUMPLE | E13: =IF(AND(D13="CUMPLE",C13="CUMPLE"),"HABIL","NO HABIL") -> HABIL | F13: =+'7-CONSORCIO MALLA VIAL 2019'!O22 -> 230 | G13: SI | H13: APORTA DOCUMENTOS REQUERIDOS DE SUBSANACION
A14: 8 | B14: =+'8-CONSORCIO MALLA VIAL LR'!E5 -> CONSORCIO MALLA VIAL LR | C14: =+'8-CONSORCIO MALLA VIAL LR'!O9 -> CUMPLE | D14: =+'8-CONSORCIO MALLA VIAL LR'!O12 -> CUMPLE | E14: =IF(AND(D14="CUMPLE",C14="CUMPLE"),"HABIL","NO HABIL") -> HABIL | F14: =+'8-CONSORCIO MALLA VIAL LR'!O21 -> 230 | G14: SI | H14: APORTA DOCUMENTOS REQUERIDOS DE SUBSANACION
A15: 9 | B15: =+'9- CON. VIAL CIUDAD BOLIVAR MV'!E5 -> CONSORCIO VIAL CIUDAD BOLIVAR MV | C15: =+'9- CON. VIAL CIUDAD BOLIVAR MV'!O10 -> CUMPLE | D15: =+'9- CON. VIAL CIUDAD BOLIVAR MV'!O13 -> CUMPLE | E15: =IF(AND(D15="CUMPLE",C15="CUMPLE"),"HABIL","NO HABIL") -> HABIL | F15: N/E | G15: no evaluable por encontrarse no habil juridicamente | H15: NO SUBSANO , SIN EMBARGO CUMPLE CON LAS EXIGENCIAS MINIMAS REQUERIDAS
A16: 10 | B16: =+'10-CONSORCIO VIAL PC -13'!E5 -> CONSORCIO VIAL PC -13 | C16: =+'10-CONSORCIO VIAL PC -13'!O10 -> CUMPLE | D16: =+'10-CONSORCIO VIAL PC -13'!O13 -> CUMPLE | E16: =IF(AND(D16="CUMPLE",C16="CUMPLE"),"HABIL","NO HABIL") -> HABIL | F16: =+'10-CONSORCIO VIAL PC -13'!O22 -> 230 | G16: -
A17: 11 | B17: =+'11-CONSORCIO VIAS BOLÍVAR 2018'!E5 -> CONSORCIO VIAS BOLÍVAR 2018 | C17: =+'11-CONSORCIO VIAS BOLÍVAR 2018'!O10 -> NO CUMPLE | D17: =+'11-CONSORCIO VIAS BOLÍVAR 2018'!O13 -> CUMPLE | E17: =IF(AND(D17="CUMPLE",C17="CUMPLE"),"HABIL","NO HABIL") -> NO HABIL | F17: =+'11-CONSORCIO VIAS BOLÍVAR 2018'!O22 -> 0 | G17: PARCIALMENTE | H17: FRENTE A LA CERTIFICACION PRESENTADA POR ALIANZA , DENTRO DE LOS ITEMS REFERENCIADOS NO SE PUEDE IDENTIFICAR QUE LOS MISMO CORRESPONDAN EXCLUSIVAMENTE A CONSTRUCCION , ADICIONALMENTE EN EL FOLIO 4- CERTIFICACION ALIANZA. PDF , SE REFIERE A LAS PRINCIPALES ACTIVIDADES DEL CONTRATO DESCRIBIENDO :1. DIAGNOSTICO,2. MANTENIMIENTO RUTINARIO Y PERIODICO , LAS CUALES NO CORRESPONDE CON LA EXPERIENCIA SOLICITADA
A18: 12 | B18: =+'12-CONSORCTRB013'!E5 -> CONSORCTRB013 | C18: =+'12-CONSORCTRB013'!O10 -> NO CUMPLE | D18: =+'12-CONSORCTRB013'!O13 -> CUMPLE | E18: =IF(AND(D18="CUMPLE",C18="CUMPLE"),"HABIL","NO HABIL") -> NO HABIL | F18: =+'12-CONSORCTRB013'!O22 -> 0 | G18: NO | H18: NO SUBSANO
A19: 13 | B19: =+'13-CS INFRA C. BOLÍVAR'!E5 -> CS INFRA C. BOLÍVAR | C19: =+'13-CS INFRA C. BOLÍVAR'!O11 -> NO CUMPLE | D19: =+'13-CS INFRA C. BOLÍVAR'!O14 -> CUMPLE | E19: =IF(AND(D19="CUMPLE",C19="CUMPLE"),"HABIL","NO HABIL") -> NO HABIL | F19: =+'13-CS INFRA C. BOLÍVAR'!O23 -> 0 | G19: NO | H19: NO APORTA DOCUMENTOS REQUERIDOS DE SUBSANACION
A20: 14 | B20: =+'14-HB ESTRUCTURAS METALICAS SAS'!E5 -> HB ESTRUCTURAS METALICAS SAS | C20: =+'14-HB ESTRUCTURAS METALICAS SAS'!O10 -> CUMPLE | D20: =+'14-HB ESTRUCTURAS METALICAS SAS'!O13 -> CUMPLE | E20: =IF(AND(D20="CUMPLE",C20="CUMPLE"),"HABIL","NO HABIL") -> HABIL | F20: =+'14-HB ESTRUCTURAS METALICAS SAS'!O22 -> 230 | G20: - | H20: EVALUACION PRELIMINAR SE REFIRIO A N/E , TODA VEZ QUE NO CUMPLIA CON LA CAPACIDAD JURIDICA
A21: 15 | B21: =+'15-LUIS ALBERTO GONZALEZ CH '!E5 -> LUIS ALBERTO GONZALEZ CHAUX | C21: =+'15-LUIS ALBERTO GONZALEZ CH '!O10 -> CUMPLE | D21: =+'15-LUIS ALBERTO GONZALEZ CH '!O13 -> CUMPLE | E21: =IF(AND(D21="CUMPLE",C21="CUMPLE"),"HABIL","NO HABIL") -> HABIL | F21: =+'15-LUIS ALBERTO GONZALEZ CH '!O22 -> 230 | G21: -
A22: 16 | B22: =+'16-LYDCO INGENIERIA S.A.S'!E5 -> LYDCO INGENIERIA S.A.S | C22: =+'16-LYDCO INGENIERIA S.A.S'!O10 -> CUMPLE | D22: =+'16-LYDCO INGENIERIA S.A.S'!O13 -> CUMPLE | E22: =IF(AND(D22="CUMPLE",C22="CUMPLE"),"HABIL","NO HABIL") -> HABIL | F22: =+'16-LYDCO INGENIERIA S.A.S'!O22 -> 230 | G22: SI | H22: APORTA DOCUMENTOS REQUERIDOS DE SUBSANACION
A23: 17 | B23: =+'17-UT MA. VIAL P & J INGENIEROS'!E5 -> UNION TEMPORAL MALLA VIAL P & J INGENIEROS | C23: =+'17-UT MA. VIAL P & J INGENIEROS'!O10 -> CUMPLE | D23: =+'17-UT MA. VIAL P & J INGENIEROS'!O13 -> CUMPLE | E23: =IF(AND(D23="CUMPLE",C23="CUMPLE"),"HABIL","NO HABIL") -> HABIL | F23: =+'17-UT MA. VIAL P & J INGENIEROS'!O22 -> 230 | G23: - | H23: EVALUACION PRELIMINAR SE REFIRIO A N/E , TODA VEZ QUE NO CUMPLIA CON LA CAPACIDAD JURIDICA

Sheet 1-CON Y CON S.A.S
B2: PROCESO DE CONTRATACION FDLCB-LP-013-2018
B4: CONTRATAR A PRECIOS FIJOS Y A MONTO AGOTABLE LA COMPLEMENTACION Y/O ACTUALIZACION Y/O AJUSTES DE DISEÑOS Y LA CONSTRUCCION Y/O RECONSTRUCCION DE LA MALLA VIAL DE LA LOCALIDAD DE CUIDAD BOLIVAR, EN BOGOTA D.C
B6: PROPONENTE | E6: CONSULTORÍA Y CONSTRUCCIÓ N S.A.S.
B8: VALORES HABILITANTES
B10: PRESUPUESTO OFICIAL $ | K10: 16000000000 | O10: =+IF(K12>=K11,"CUMPLE","NO CUMPLE") -> CUMPLE
B11: VALOR MINIMO A CERTIFICAR SMMLV(75% P.O) | K11: =+J40 -> 15360.157
B12: SMMLV PROPONENTE | K12: =+S33 -> 19497.751
B13: CAPACIDAD RESIDUAL DE CONTRATACION | N13: SI | O13: =+IF(N13>="SI","CUMPLE","NO CUMPLE") -> CUMPLE
B14: =IF(AND($O10="CUMPLE",O13="CUMPLE"),"HABILITADO","NO HABILITADO") -> HABILITADO
B15: FACTORES PONDERABLES
P17: OBSERVACIONES
B18: INCENTIVO A LA INDUSTRIA NACIONAL 1: OFRECIMIENTO DE 100PUNTOS / 2: OFRECIMIENTO DE 50 PUNTOS / NADA: OFRECIMIENTO DE 0 PUNTOS | N18: 1 | O18: =IF(B14="NO HABILITADO","0",IF(N18=1,"100",IF(N18=2,"50","0"))) -> 100
B19: PUNTAJE ADICIONAL PARA PROPONENTES CON TRABAJADORES CON DISCAPACIDAD (10 PUNTOS) | N19: SI | O19: =IF(B14="NO HABILITADO","0",IF(N19="SI","10","0")) -> 10
B20: HORAS DE CAPACITACION (20 PUNTOS) | N20: SI | O20: =IF(B14="NO HABILITADO","0",IF(N20="SI","20","0")) -> 20
B21: CALIDAD (100 PUNTOS) | N21: SI | O21: =IF(B14="NO HABILITADO","0",IF(N21="SI","100","0")) -> 100
B22: TOTAL | O22: =+O21+O20+O19+O18 -> 230
X23: CALCULO DE LA CAPACIDAD RESIDUAL
C24: ORDEN | D24: CONTRATISTA | E24: INTEGRANTE DEL PROPONENTE PLURAL QUE APORTA LA EXPERIENCIA | F24: NÚMERO CONSECUTIVO DEL REPORTE DEL CONTRATO EJECUTADO EN EL RUP | G24: CONTRATO | H24: OBJETO | I24: CODIGOS RUPUNSPSC / 721413 -721411-81101500 | J24: CONTRATANTE (RAZON SOCIAL) | K24: FORMA DE EJECUCION ( I, C o UT) | L24: PORCENTAJE DE PARTICIPACION EN EL PROPONENTE PLURAL O PORCENTAJE EN LA EJECUCION DE LAS ACTIVIDADES RELACIONADAS | M24: FECHA DE INICIO | N24: FECHA DE TERMINACION | O24: AÑO DE TERMINACION | P24: CONTRATO PROPIO/SOCIO/MATRIZ/FILIAL o SUBORDINADA | Q24: VALOR (incluido IVA) | R24: VALOR EJECUTADO X %PARTICIPACION (incluido IVA) | S24: VALOR EJECUTADO (incluido IVA) | T24: OBSERVACIONES
G25: NUMERO
Q26: EN MILES DE PESOS | R26: EN MILES DE PESOS | S26: EN SMMLV
C27: 1 | D27: CONSULTORÍA Y CONSTRUCCIÓ N S.A.S. | E27: N/A | F27: 79 | G27: 034 de 2014 | H27: EJECUTAR POR EL SISTEMA DE PRECIOS UNITARIOS FIJOS SIN FORMULA DE AJUSTE, INTERVENCIONES INTEGRALES DE LA MALLA VIAL LOCAL E INTERMEDIA CON EL EMPLEO DE BASES ESTABILIZADAS CON ADITIVOS QUÍMICOS, MEDIANTE EL DIAGNÓSTICO, MANTENIMIENTO Y REHABILITACIÓN DE VÍAS CONSTRUIDAS EN CARPETAS FLEXIBLES, RÍGIDAS O ARTICULADAS, INTERVENCIONES PUNTUALES Y PARA LA CONSTRUCCIÓN DE VÍAS LOCALES A PARTIR DE | I27: CUMPLE | J27: ALCALDÍA LOCAL DE BOSA | K27: I | L27: 1 | M27: 41855 | N27: 42219 | O27: 2015 | P27: PROPIO | Q27: 8038606228 | R27: =(Q27/1000)*L27 -> 8038606.2 | S27: =R27*1000/(VLOOKUP(O27,$C$37:$D$58,2,FALSE)) -> 12475.528
C28: 2 | D28: CONSULTORÍA Y CONSTRUCCIÓ N S.A.S. | E28: N/A | F28: 91 | G28: 069 de 2014 | H28: CONTRATAR A PRECIO GLOBAL FIJO EL DIAGNÓSTICO, ESTUDIOS Y DISEÑOS Y A MONTO AGOTABLE POR PRECIOS UNITARIOS FIJOS, SIN FORMULA DE AJUSTE, EL MANTENIMIENTO, REHABILITACIÓN Y CONSTRUCCIÓN DE LA INFRAESTRUCTURA DE LA MALLA VIAL LOCAL Y ESPACIO PÚBLICO DE LA LOCALIDAD DE CHAPINERO, EN BOGOTÁ, D.C., CONFORME A LOS SEGMENTOS PRIORIZADOS EN LOS CABILDOS PARTICIPATIVOS | I28: CUMPLE | J28: ALCALDÍA LOCAL DE CHAPINERO | K28: I | L28: 1 | M28: 41975 | N28: 42461 | O28: 2016 | P28: PROPIO | Q28: =4891264337-2631874-47125250 -> 4841507213 | R28: =(Q28/1000)*L28 -> 4841507.2 | S28: =R28*1000/(VLOOKUP(O28,$C$37:$D$58,2,FALSE)) -> 7022.2237 | T28: SE RESTA ESTUDIOS Y DISEÑOS
C29: 3
C30: 4 | X30: OBSERVACIONES:
C31: 5
C32: 6
R33: TOTAL | S33: =+SUM(S27:S32) -> 19497.751
C35: SALARIOS MINIMOS
C36: VIGENCIA | D36: VALOR
C37: 1997 | D37: 172005
C38: 1998 | D38: 203826 | H38: NUMERO DE CONTRATOS | I38: PORCENTAJE | J38: SMMLV
C39: 1999 | D39: 236460 | I39: 1 | J39: 20480.21
C40: 2000 | D40: 260100 | H40: 1 A 2 | I40: 0.75 | J40: 15360.157
C41: 2001 | D41: 286000 | H41: 3 A 4 | I41: 1.2 | J41: 24576.252
C42: 2002 | D42: 309000 | H42: 5 A 6 | I42: 1.5 | J42: 30720.315
C43: 2003 | D43: 332000
C44: 2004 | D44: 358000
C45: 2005 | D45: 381500
C46: 2006 | D46: 408000
C47: 2007 | D47: 433700
C48: 2008 | D48: 461500
C49: 2009 | D49: 496900
C50: 2010 | D50: 515000
C51: 2011 | D51: 535600
C52: 2012 | D52: 566700
C53: 2013 | D53: 589500
C54: 2014 | D54: 616000
... C58: 2018 | D58: 781242

Sheet 2-CONCRESCOL S.A
B1: PROCESO DE CONTRATACION FDLCB-LP-013-2018
B3: CONTRATAR A PRECIOS FIJOS Y A MONTO AGOTABLE LA COMPLEMENTACION Y/O ACTUALIZACION Y/O AJUSTES DE DISEÑOS Y LA CONSTRUCCION Y/O RECONSTRUCCION DE LA MALLA VIAL DE LA LOCALIDAD DE CUIDAD BOLIVAR, EN BOGOTA D.C
B5: PROPONENTE | E5: CONCRESCOL S.A
B7: VALORES HABILITANTES
B9: PRESUPUESTO OFICIAL $ | K9: 16000000000 | O9: =+IF(K11>=K10,"CUMPLE","NO CUMPLE") -> CUMPLE
B10: VALOR MINIMO A CERTIFICAR SMMLV(120% P.O) | K10: =+J39 -> 24576.252
B11: SMMLV PROPONENTE | K11: =+S32 -> 39542.186
B12: CAPACIDAD RESIDUAL DE CONTRATACION | N12: SI | O12: =+IF(N12>="SI","CUMPLE","NO CUMPLE") -> CUMPLE
B13: =IF(AND($O9="CUMPLE",O12="CUMPLE"),"HABILITADO","NO HABILITADO") -> HABILITADO
B14: FACTORES PONDERABLES
P16: OBSERVACIONES | X16: CALCULO DE LA CAPACIDAD RESIDUAL
B17: INCENTIVO A LA INDUSTRIA NACIONAL 1: OFRECIMIENTO DE 100PUNTOS / 2: OFRECIMIENTO DE 50 PUNTOS / NADA: OFRECIMIENTO DE 0 PUNTOS | N17: 1 | O17: =IF(B13="NO HABILITADO","0",IF(N17=1,"100",IF(N17=2,"50","0"))) -> 100
B18: PUNTAJE ADICIONAL PARA PROPONENTES CON TRABAJADORES CON DISCAPACIDAD (10 PUNTOS) | N18: SI | O18: =IF(B13="NO HABILITADO","0",IF(N18="SI","10","0")) -> 10
B19: HORAS DE CAPACITACION (20 PUNTOS) | N19: SI | O19: =IF(B13="NO HABILITADO","0",IF(N19="SI","20","0")) -> 20
B20: CALIDAD (100 PUNTOS) | N20: SI | O20: =IF(B13="NO HABILITADO","0",IF(N20="SI","100","0")) -> 100
B21: TOTAL | O21: =+O20+O19+O18+O17 -> 230
C23: ORDEN | D23: CONTRATISTA | E23: INTEGRANTE DEL PROPONENTE PLURAL QUE APORTA LA EXPERIENCIA | F23: NÚMERO CONSECUTIVO DEL REPORTE DEL CONTRATO EJECUTADO EN EL RUP | G23: CONTRATO | H23: OBJETO | I23: CODIGOS RUPUNSPSC / 721413 -721411-81101500 | J23: CONTRATANTE (RAZON SOCIAL) | K23: FORMA DE EJECUCION ( I, C o UT) | L23: PORCENTAJE DE PARTICIPACION EN EL PROPONENTE PLURAL O PORCENTAJE EN LA EJECUCION DE LAS ACTIVIDADES RELACIONADAS | M23: FECHA DE INICIO | N23: FECHA DE TERMINACION | O23: AÑO DE TERMINACION | P23: CONTRATO PROPIO/SOCIO/MATRIZ/FILIAL o SUBORDINADA | Q23: VALOR (incluido IVA) | R23: VALOR EJECUTADO X %PARTICIPACION (incluido IVA) | S23: VALOR EJECUTADO (incluido IVA) | T23: OBSERVACIONES
G24: NUMERO
R25: EN MILES DE PESOS | S25: EN SMMLV
C26: 1 | D26: CONCRESCOL S.A | E26: CONCRESCOL S.A | F26: 30 | G26: IDU-928-2013 | H26: COMPLEMENTACION DE DISEÑOS Y CONSTRUCCION DE ACCESOS A BARRIOS Y PAVIMENTOS LOCALES GRUPO 1 LOCALIDADES DE USME Y SAN CRISTOBAL , EN BOGOTA D.C | I26: CUMPLE | J26: IDU | K26: I | L26: 1 | M26: 41526 | N26: 42167 | O26: 2015 | P26: PROPIO | Q26: 8586079628 | R26: =(Q26/1000)*L26 -> 8586079.6 | S26: =R26*1000/(VLOOKUP(O26,$C$36:$D$57,2,FALSE)) -> 13325.18
C27: 2 | D27: CONSORCIO CARTAGENA 2010 | E27: CONCRESCOL S.A | F27: 24 | G27: TC-LPI-001-10 | H27: CONSTRUCCION DEL TRAMO DE CORREDOR DEL SISTEMA INTEGRADO DE TRANSPORTE MASIVO DESDE EL SECTOR DEL MERCADO DE BAZURTO HASTA LA SUBIDA A LA POPA , CARTAGENA DE INDIAS DISTRITO TURISTICO Y CULTURAL | I27: CUMPLE | J27: TRANSCARIBE S.A. | K27: C | L27: 0.49 | M27: 40395 | N27: 41113 | O27: 2012 | P27: PROPIO | Q27: 19347670675 | R27: =(Q27/1000)*L27 -> 9480358.6 | S27: =R27*1000/(VLOOKUP(O27,$C$36:$D$57,2,FALSE)) -> 16729.061
C28: 3 | D28: CONSORCIO CPC-01 | E28: CONCRESCOL S.A | F28: 10 | G28: 005-2008 | H28: CONSTRUCCION DE UNA GLORIETA UBICADA EN EL CRUCE DE LA CARRERA QUINCE CON AVENIDA QUEBRADASECA,EMPALMANDO CON LOS TRAMOS 0 Y 1 PARA LA INFRAESTRUCTURA DEL SISTEMA INTEGRADO DE TRANSPORTE MIASIVO DEL AREA METROPOLITANA DE BUCARAMANGA | I28: CUMPLE | J28: METROLINEA | K28: C | L28: 0.4 | M28: 39811 | N28: 40115 | O28: 2009 | P28: PROPIO | Q28: 4248967096 | R28: =(Q28/1000)*L28 -> 1699586.8 | S28: =R28*1000/(VLOOKUP(O28,$C$36:$D$57,2,FALSE)) -> 3420.38
C29: 4 | D29: CONSORCIO LAGO CONCRESCOL | E29: CONCRESCOL S.A | F29: 39 | G29: 1885-2013 | H29: CONSTRUCCION DE LAS OBRAS DE AMPLIACION DE LA AVENIDA FRANSISCO MIRANDA (CALLE 45) ENTRE AVENIDA ALBERTO(…) | I29: CUMPLE | J29: IDU | K29: C | L29: 0.7 | M29: 41703 | N29: 42276 | O29: 2015 | P29: PROPIO | Q29: 5585194197 | R29: =(Q29/1000)*L29 -> 3909635.9 | S29: =R29*1000/(VLOOKUP(O29,$C$36:$D$57,2,FALSE)) -> 6067.5657
C30: 5
C31: 6
R32: TOTAL | S32: =+SUM(S26:S31) -> 39542.186
C34: SALARIOS MINIMOS
C35: VIGENCIA | D35: VALOR
C36: 1997 | D36: 172005 | H36: NUMERO DE CONTRATOS | I36: PORCENTAJE | J36: SMMLV
C37: 1998 | D37: 203826 | I37: 1 | J37: 20480.21
C38: 1999 | D38: 236460 | H38: 1 A 2 | I38: 0.75 | J38: 15360.157
C39: 2000 | D39: 260100 | H39: 3 A 4 | I39: 1.2 | J39: 24576.252
C40: 2001 | D40: 286000 | H40: 5 A 6 | I40: 1.5 | J40: 30720.315
C41: 2002 | D41: 309000
C42: 2003 | D42: 332000
C43: 2004 | D43: 358000
C44: 2005 | D44: 381500
C45: 2006 | D45: 408000
C46: 2007 | D46: 433700
C47: 2008 | D47: 461500
C48: 2009 | D48: 496900
C49: 2010 | D49: 515000
C50: 2011 | D50: 535600
C51: 2012 | D51: 566700
C52: 2013 | D52: 589500
... C57: 2018 | D57: 781242

Sheet 3-CONSORCIO BOLIVAR 011
B1: PROCESO DE CONTRATACION FDLCB-LP-013-2018
B3: CONTRATAR A PRECIOS FIJOS Y A MONTO AGOTABLE LA COMPLEMENTACION Y/O ACTUALIZACION Y/O AJUSTES DE DISEÑOS Y LA CONSTRUCCION Y/O RECONSTRUCCION DE LA MALLA VIAL DE LA LOCALIDAD DE CUIDAD BOLIVAR, EN BOGOTA D.C
B5: PROPONENTE | E5: CONSORCIO BOLIVAR 011
B8: VALORES HABILITANTES
B10: PRESUPUESTO OFICIAL $ | K10: 16000000000 | O10: =+IF(K12>=K11,"CUMPLE","NO CUMPLE") -> NO CUMPLE | P10: LA EXPERIENCIA APORTADA EN EL ANEXO NO. 5-EXPERIENCIA DEL PROPONENTE, NO CORRESPONDE CON LO ESTABLECIDO EN EL ESTUDIO PREVIO-NUMERAL -CAPACIDAD TECNICA-INFORMACION SOBRE EXPERIENCIA DEL PROPONENTE LA CAL REFIERE: " LA CONSTRUCCION DE LA INFRAESTRUCTURA VIAL PARA TRAFICO VEHICULAR DE VIAS URBANAS O VIAS INTERURBANAS DE LA MALLA VIAL PRIMARIA"
B11: VALOR MINIMO A CERTIFICAR SMMLV (150%P.O) | K11: =+H40 -> 30720.315
B12: SMMLV PROPONENTE | K12: =+S33 -> 0
B13: CAPACIDAD RESIDUAL DE CONTRATACION | N13: SI | O13: =+IF(N13>="SI","CUMPLE","NO CUMPLE") -> CUMPLE
B14: =IF(AND($O10="CUMPLE",O13="CUMPLE"),"HABILITADO","NO HABILITADO") -> NO HABILITADO
B15: FACTORES PONDERABLES
P17: OBSERVACIONES | X17: CALCULO DE LA CAPACIDAD RESIDUAL
B18: INCENTIVO A LA INDUSTRIA NACIONAL 1: OFRECIMIENTO DE 100PUNTOS / 2: OFRECIMIENTO DE 50 PUNTOS / NADA: OFRECIMIENTO DE 0 PUNTOS | N18: 1 | O18: =IF(B14="NO HABILITADO","0",IF(N18=1,"100",IF(N18=2,"50","0"))) -> 0
B19: PUNTAJE ADICIONAL PARA PROPONENTES CON TRABAJADORES CON DISCAPACIDAD (10 PUNTOS) | N19: SI | O19: =IF(B14="NO HABILITADO","0",IF(N19="SI","10","0")) -> 0
B20: HORAS DE CAPACITACION (20 PUNTOS) | N20: SI | O20: =IF(B14="NO HABILITADO","0",IF(N20="SI","20","0")) -> 0
B21: CALIDAD (100 PUNTOS) | N21: SI | O21: =IF(B14="NO HABILITADO","0",IF(N21="SI","100","0")) -> 0
B22: TOTAL | O22: =+O21+O20+O19+O18 -> 0
C24: ORDEN | D24: CONTRATISTA | E24: INTEGRANTE DEL PROPONENTE PLURAL QUE APORTA LA EXPERIENCIA | F24: NÚMERO CONSECUTIVO DEL REPORTE DEL CONTRATO EJECUTADO EN EL RUP | G24: CONTRATO | H24: OBJETO | I24: CODIGOS RUPUNSPSC / 721413 -721411-81101500 | J24: CONTRATANTE (RAZON SOCIAL) | K24: FORMA DE EJECUCION ( I, C o UT) | L24: PORCENTAJE DE PARTICIPACION EN EL PROPONENTE PLURAL O PORCENTAJE EN LA EJECUCION DE LAS ACTIVIDADES RELACIONADAS | M24: FECHA DE INICIO | N24: FECHA DE TERMINACION | O24: AÑO DE TERMINACION | P24: CONTRATO PROPIO/SOCIO/MATRIZ/FILIAL o SUBORDINADA | Q24: VALOR (incluido IVA) | R24: VALOR EJECUTADO X %PARTICIPACION (incluido IVA) | S24: VALOR EJECUTADO (incluido IVA) | T24: OBSERVACIONES | X24: OBSERVACIONES:
G25: NUMERO
R26: EN MILES DE PESOS | S26: EN SMMLV
C27: 1 | D27: CONSORCIO IDU VIAS 2015 | E27: BALLEN B Y CIA SAS | F27: 112 | G27: 1806 DE 2015 | H27: BRIGADA DE REACCION VIAL PARA EJECUTAR ACTIVIDADES MANTENIMIENTO Y CONSERVACION FASE 1 EN BOGOTA | I27: CUMPLE | J27: IDU | K27: C | L27: 0.5 | M27: 42395 | N27: 42668 | O27: 2016 | P27: PROPIO | Q27: 9683947351 | R27: =(Q27/1000)*L27 -> 4841973.7 | S27: =R27*1000/(VLOOKUP(O27,$C$37:$D$58,2,FALSE)) -> 7022.9002 | T27: OBJETO CONTRACTUALES NO CORRESPONDEN A CONSTRUCCION
C28: 2 | D28: CONSORCIO IDU VIAS 2015 | E28: INFESFUT SAS | F28: 81 | G28: 1806 DE 2015 | H28: BRIGADA DE REACCION VIAL PARA EJECUTAR ACTIVIDADES MANTENIMIENTO Y CONSERVACION FASE 1 EN BOGOTA | I28: CUMPLE | J28: IDU | K28: C | L28: 0.5 | M28: 42395 | N28: 42668 | O28: 2016 | P28: PROPIO | Q28: 9683947351 | R28: =(Q28/1000)*L28 -> 4841973.7 | S28: =R28*1000/(VLOOKUP(O28,$C$37:$D$58,2,FALSE)) -> 7022.9002
C29: 3 | D29: CONSORCIO BP CALDAS | E29: BALLEN B Y CIA SAS | F29: 85 | G29: 4049 DE 2013 | H29: MEORAMIENTO Y MANTENIMIENTO CARRETERA CAUYA -SUPIA -LA PINTADA , SECTOR CAUYA | I29: CUMPLE | J29: INVIAS | K29: C | L29: 0.6 | M29: 41661 | N29: 41934 | O29: 2014 | P29: PROPIO | Q29: =6402430314-104400000 -> 6298030314 | R29: =(Q29/1000)*L29 -> 3778818.2 | S29: =R29*1000/(VLOOKUP(O29,$C$37:$D$58,2,FALSE)) -> 6134.4451
C30: 4 | D30: CONSORCIO BP CALDAS | E30: PAVIOBRAS | F30: 124 | G30: 4049 DE 2013 | H30: MEORAMIENTO Y MANTENIMIENTO CARRETERA CAUYA -SUPIA -LA PINTADA , SECTOR CAUYA | I30: CUMPLE | J30: INVIAS | K30: C | L30: 0.2 | M30: 41661 | N30: 41934 | O30: 2014 | P30: PROPIO | Q30: =6402430314-104400000 -> 6298030314 | R30: =(Q30/1000)*L30 -> 1259606.1 | S30: =R30*1000/(VLOOKUP(O30,$C$37:$D$58,2,FALSE)) -> 2044.815
C31: 5 | D31: CONSORCIO INFRAESTRUCTURAS EGATIVA | E31: PAVIOBRAS | F31: 126 | G31: 019 DE 2015 | H31: REALIZAR LAS OBRAS A MANTENIMIENTO Y ADECUACION MALLA VIAL | I31: CUMPLE | J31: ALCLADIA LOCAL DE ENGATIVA | K31: C | L31: 0.15 | M31: 42234 | N31: 42969 | O31: 2017 | P31: PROPIO | Q31: 18000000000 | R31: =(Q31/1000)*L31 -> 2700000 | S31: =R31*1000/(VLOOKUP(O31,$C$37:$D$58,2,FALSE)) -> 3659.9401
C32: 6 | D32: CONSORCIO INFRAVIAL | E32: INDESFUT | F32: 2 | G32: 039 DE 2007 | H32: MANTENIMIENTO VIAS ZONA NORTE BRIGADAS DE REACCION BOGOTA | I32: CUMPLE | J32: IDU | K32: C | L32: 0.3333 | M32: 39419 | N32: 39996 | O32: 2009 | P32: SOCIO | Q32: 14735855574 | R32: =(Q32/1000)*L32 -> 4911460.7 | S32: =R32*1000/(VLOOKUP(O32,$C$37:$D$58,2,FALSE)) -> 9884.2034
R33: TOTAL | S33: =+SUM(S27:S32)-S27-S28-S29-S30-S31-S32 -> 0
C35: SALARIOS MINIMOS
C36: VIGENCIA | D36: VALOR | F36: NUMERO DE CONTRATOS | G36: PORCENTAJE | H36: SMMLV
C37: 1997 | D37: 172005 | G37: 1 | H37: 20480.21
C38: 1998 | D38: 203826 | F38: 1 A 2 | G38: 0.75 | H38: 15360.157
C39: 1999 | D39: 236460 | F39: 3 A 4 | G39: 1.2 | H39: 24576.252
C40: 2000 | D40: 260100 | F40: 5 A 6 | G40: 1.5 | H40: 30720.315
C41: 2001 | D41: 286000
C42: 2002 | D42: 309000
C43: 2003 | D43: 332000
C44: 2004 | D44: 358000
C45: 2005 | D45: 381500
C46: 2006 | D46: 408000
C47: 2007 | D47: 433700
C48: 2008 | D48: 461500
C49: 2009 | D49: 496900
C50: 2010 | D50: 515000
C51: 2011 | D51: 535600
C52: 2012 | D52: 566700
... C58: 2018 | D58: 781242

Sheet 4- CONSORCIO C&M CIUDAD BOLÍVAR
B1: PROCESO DE CONTRATACION FDLCB-LP-013-2018
B3: CONTRATAR A PRECIOS FIJOS Y A MONTO AGOTABLE LA COMPLEMENTACION Y/O ACTUALIZACION Y/O AJUSTES DE DISEÑOS Y LA CONSTRUCCION Y/O RECONSTRUCCION DE LA MALLA VIAL DE LA LOCALIDAD DE CUIDAD BOLIVAR, EN BOGOTA D.C
B5: PROPONENTE | E5: CONSORCIO C&M CIUDAD BOLÍVAR
B8: VALORES HABILITANTES
B10: PRESUPUESTO OFICIAL $ | K10: 16000000000 | O10: =+IF(K12>=K11,"CUMPLE","NO CUMPLE") -> CUMPLE
B11: VALOR MINIMO A CERTIFICAR SMMLV (75%)(1-2 CERTIFICACIONES) | K11: =+H39 -> 15360.157
B12: SMMLV PROPONENTE | K12: =+S33 -> 20789.169
B13: CAPACIDAD RESIDUAL DE CONTRATACION | N13: SI | O13: =+IF(N13>="SI","CUMPLE","NO CUMPLE") -> CUMPLE
B14: =IF(AND($O10="CUMPLE",O13="CUMPLE"),"HABILITADO","NO HABILITADO") -> HABILITADO
B15: FACTORES PONDERABLES
P17: OBSERVACIONES | X17: CALCULO DE LA CAPACIDAD RESIDUAL
B18: INCENTIVO A LA INDUSTRIA NACIONAL 1: OFRECIMIENTO DE 100PUNTOS / 2: OFRECIMIENTO DE 50 PUNTOS / NADA: OFRECIMIENTO DE 0 PUNTOS | N18: 1 | O18: =IF(B14="NO HABILITADO","0",IF(N18=1,"100",IF(N18=2,"50","0"))) -> 100
B19: PUNTAJE ADICIONAL PARA PROPONENTES CON TRABAJADORES CON DISCAPACIDAD (10 PUNTOS) | N19: SI | O19: =IF(B14="NO HABILITADO","0",IF(N19="SI","10","0")) -> 10
B20: HORAS DE CAPACITACION (20 PUNTOS) | N20: SI | O20: =IF(B14="NO HABILITADO","0",IF(N20="SI","20","0")) -> 20
B21: CALIDAD (100 PUNTOS) | N21: SI | O21: =IF(B14="NO HABILITADO","0",IF(N21="SI","100","0")) -> 100
B22: TOTAL | O22: =+O21+O20+O19+O18 -> 230
C24: ORDEN | D24: CONTRATISTA | E24: INTEGRANTE DEL PROPONENTE PLURAL QUE APORTA LA EXPERIENCIA | F24: NÚMERO CONSECUTIVO DEL REPORTE DEL CONTRATO EJECUTADO EN EL RUP | G24: CONTRATO | H24: OBJETO | I24: CODIGOS RUPUNSPSC / 721413 -721411-81101500 | J24: CONTRATANTE (RAZON SOCIAL) | K24: FORMA DE EJECUCION ( I, C o UT) | L24: PORCENTAJE DE PARTICIPACION EN EL PROPONENTE PLURAL O PORCENTAJE EN LA EJECUCION DE LAS ACTIVIDADES RELACIONADAS | M24: FECHA DE INICIO | N24: FECHA DE TERMINACION | O24: AÑO DE TERMINACION | P24: CONTRATO PROPIO/SOCIO/MATRIZ/FILIAL o SUBORDINADA | Q24: VALOR (incluido IVA) | R24: VALOR EJECUTADO X %PARTICIPACION (incluido IVA) | S24: VALOR EJECUTADO (incluido IVA) | T24: OBSERVACIONES
G25: NUMERO
R26: EN MILES DE PESOS | S26: EN SMMLV
C27: 1 | D27: CONSORCIO VIAL 2013 | E27: R&M INGENIERIA SAS | F27: 26 | G27: COP 071 DE 2013 | H27: CONTRATAR POR EL SISTEMA DE PRECIOS UNITARIOS FIJOS SIN FORMULA DE AJUSTE Y A MONTO AGOTABLE , LA REALIZACION DE OBRAS DE CONSTRUCCION, REHABILITACION Y/O MANTENIMIENTO DE SEGMENTOS VIALES DE LA MALLA VIAL Y/O ANDENES (…) | I27: CUMPLE | J27: C | K27: C | L27: 0.3 | M27: 41864 | N27: 43072 | O27: 2017 | P27: SOCIO | Q27: =22171583267-105611100-154614650.4-827400-1211313.6 -> 21909318803 | R27: =(Q27/1000)*L27 -> 6572795.6 | S27: =R27*1000/(VLOOKUP(O27,$C$37:$D$58,2,FALSE)) -> 8909.6437
C28: 2 | D28: CONSORCIO VIAL 2013 | E28: CORPORACION AMBIENTAL Y DE INGENIERIA COLOMBIANA "CAICOL" | F28: 10 | G28: COP 071 DE 2013 | H28: CONTRATAR POR EL SISTEMA DE PRECIOS UNITARIOS FIJOS SIN FORMULA DE AJUSTE Y A MONTO AGOTABLE , LA REALIZACION DE OBRAS DE CONSTRUCCION, REHABILITACION Y/O MANTENIMIENTO DE SEGMENTOS VIALES DE LA MALLA VIAL Y/O ANDENES (…) | I28: CUMPLE | J28: C | K28: C | L28: 0.4 | M28: 41864 | N28: 43072 | O28: 2017 | P28: SOCIO | Q28: =22171583267-105611100-154614650.4-827400-1211313.6 -> 21909318803 | R28: =(Q28/1000)*L28 -> 8763727.5 | S28: =R28*1000/(VLOOKUP(O28,$C$37:$D$58,2,FALSE)) -> 11879.525
C29: 3 | R29: =(Q29/1000)*L29 -> 0 | X29: OBSERVACIONES:
C30: 4 | R30: =(Q30/1000)*L30 -> 0
C31: 5
C32: 6
R33: TOTAL | S33: =+SUM(S27:S32) -> 20789.169
C35: SALARIOS MINIMOS
C36: VIGENCIA | D36: VALOR
C37: 1997 | D37: 172005 | F37: NUMERO DE CONTRATOS | G37: PORCENTAJE | H37: SMMLV
C38: 1998 | D38: 203826 | G38: 1 | H38: 20480.21
C39: 1999 | D39: 236460 | F39: 1 A 2 | G39: 0.75 | H39: 15360.157
C40: 2000 | D40: 260100 | F40: 3 A 4 | G40: 1.2 | H40: 24576.252
C41: 2001 | D41: 286000 | F41: 5 A 6 | G41: 1.5 | H41: 30720.315
C42: 2002 | D42: 309000
C43: 2003 | D43: 332000
C44: 2004 | D44: 358000
C45: 2005 | D45: 381500
C46: 2006 | D46: 408000
C47: 2007 | D47: 433700
C48: 2008 | D48: 461500
C49: 2009 | D49: 496900
C50: 2010 | D50: 515000
C51: 2011 | D51: 535600
C52: 2012 | D52: 566700
C53: 2013 | D53: 589500
... C58: 2018 | D58: 781242

Sheet 5- CONSORCIO INTERCON 013
B1: PROCESO DE CONTRATACION FDLCB-LP-013-2018
B3: CONTRATAR A PRECIOS FIJOS Y A MONTO AGOTABLE LA COMPLEMENTACION Y/O ACTUALIZACION Y/O AJUSTES DE DISEÑOS Y LA CONSTRUCCION Y/O RECONSTRUCCION DE LA MALLA VIAL DE LA LOCALIDAD DE CUIDAD BOLIVAR, EN BOGOTA D.C
B5: PROPONENTE | E5: CONSORCIO INTERCON 013
B8: VALORES HABILITANTES
B10: PRESUPUESTO OFICIAL $ | K10: 16000000000 | O10: =+IF(K12>=K11,"CUMPLE","NO CUMPLE") -> CUMPLE
B11: PRESUPUESTO OFICIAL SMMLV(75%)(1-2 CERTIFICACIONES) | K11: =+H39 -> 15360.157
B12: SMMLV PROPONENTE | K12: =+S33 -> 15403.966
B13: CAPACIDAD RESIDUAL DE CONTRATACION | N13: SI | O13: =+IF(N13>="SI","CUMPLE","NO CUMPLE") -> CUMPLE
B14: =IF(AND($O10="CUMPLE",O13="CUMPLE"),"HABILITADO","NO HABILITADO") -> HABILITADO
B15: FACTORES PONDERABLES
P17: OBSERVACIONES | X17: CALCULO DE LA CAPACIDAD RESIDUAL
B18: INCENTIVO A LA INDUSTRIA NACIONAL 1: OFRECIMIENTO DE 100PUNTOS / 2: OFRECIMIENTO DE 50 PUNTOS / NADA: OFRECIMIENTO DE 0 PUNTOS | N18: 1 | O18: =IF(B14="NO HABILITADO","0",IF(N18=1,"100",IF(N18=2,"50","0"))) -> 100
B19: PUNTAJE ADICIONAL PARA PROPONENTES CON TRABAJADORES CON DISCAPACIDAD (10 PUNTOS) | N19: SI | O19: =IF(B14="NO HABILITADO","0",IF(N19="SI","10","0")) -> 10
B20: HORAS DE CAPACITACION (20 PUNTOS) | N20: SI | O20: =IF(B14="NO HABILITADO","0",IF(N20="SI","20","0")) -> 20
B21: CALIDAD (100 PUNTOS) | N21: SI | O21: =IF(B14="NO HABILITADO","0",IF(N21="SI","100","0")) -> 100
B22: TOTAL | O22: =+O21+O20+O19+O18 -> 230
C24: ORDEN | D24: CONTRATISTA | E24: INTEGRANTE DEL PROPONENTE PLURAL QUE APORTA LA EXPERIENCIA | F24: NÚMERO CONSECUTIVO DEL REPORTE DEL CONTRATO EJECUTADO EN EL RUP | G24: CONTRATO | H24: OBJETO | I24: CODIGOS RUPUNSPSC / 721413 -721411-81101500 | J24: CONTRATANTE (RAZON SOCIAL) | K24: FORMA DE EJECUCION ( I, C o UT) | L24: PORCENTAJE DE PARTICIPACION EN EL PROPONENTE PLURAL O PORCENTAJE EN LA EJECUCION DE LAS ACTIVIDADES RELACIONADAS | M24: FECHA DE INICIO | N24: FECHA DE TERMINACION | O24: AÑO DE TERMINACION | P24: CONTRATO PROPIO/SOCIO/MATRIZ/FILIAL o SUBORDINADA | Q24: VALOR (incluido IVA) | R24: VALOR EJECUTADO X %PARTICIPACION (incluido IVA) | S24: VALOR EJECUTADO (incluido IVA) | T24: OBSERVACIONES | X24: OBSERVACIONES:
G25: NUMERO
R26: EN MILES DE PESOS | S26: EN SMMLV
C27: 1 | D27: CONSORCIO INTERVIAS RAFAEL URIBEINTERAMBIENTE 50% | E27: IINTERAMBIENTE INGENIERIA SAS | F27: 7 | G27: 079 de 2014 | H27: Contratodeobraapreciosunitariosyamontoagotablerealizacióndeobrasdeconstrucción,rehabilitacióny/omantenimientodesegmentosvialesdelamallavialy/oandenes–espaciopúblicodelalocalidaddeRafaelUribeUribe;previarevisión,ajuste,actualizacióny/ocomplementacióndelosestudios y diseños correspondientes. | I27: CUMPLE | J27: FONDO DE DESARROLLO LOCAL RAFAEL URIBE URIBE | K27: C | L27: 0.5 | M27: 42065 | N27: 42522 | O27: 2016 | P27: PROPIO | Q27: =12927079359-99621799 -> 12827457560 | R27: =(Q27/1000)*L27 -> 6413728.8 | S27: =R27*1000/(VLOOKUP(O27,$C$37:$D$58,2,FALSE)) -> 9302.6068
C28: 2 | D28: ARQUITECTOS INGENIEROS CONTRATISTAS AICON SAS | E28: ARQUITECTOS INGENIEROS CONTRATISTAS AICON SAS | F28: 28 | G28: 001-2014 | H28: Construccion de vias en pavimento rigido,en diferentes barrios y corregimientos en la localidad de la virgen y turistica de cartagena | I28: CUMPLE | J28: DISTRITO TURÍSTICO Y CULTURAL DE CARTAGENA DE INDIAS | K28: C | L28: 1 | M28: 41891 | N28: 42124 | O28: 2015 | P28: PROPIO | Q28: 3.9314105e+09 | R28: =(Q28/1000)*L28 -> 3931410.5 | S28: =R28*1000/(VLOOKUP(O28,$C$37:$D$58,2,FALSE)) -> 6101.3588
C29: 3 | R29: =(Q29/1000)*L29 -> 0
C30: 4 | R30: =(Q30/1000)*L30 -> 0
C31: 5
C32: 6
R33: TOTAL | S33: =+SUM(S27:S32) -> 15403.966
C35: SALARIOS MINIMOS
C36: VIGENCIA | D36: VALOR
C37: 1997 | D37: 172005 | F37: NUMERO DE CONTRATOS | G37: PORCENTAJE | H37: SMMLV
C38: 1998 | D38: 203826 | G38: 1 | H38: 20480.21
C39: 1999 | D39: 236460 | F39: 1 A 2 | G39: 0.75 | H39: 15360.157
C40: 2000 | D40: 260100 | F40: 3 A 4 | G40: 1.2 | H40: 24576.252
C41: 2001 | D41: 286000 | F41: 5 A 6 | G41: 1.5 | H41: 30720.315
C42: 2002 | D42: 309000
C43: 2003 | D43: 332000
C44: 2004 | D44: 358000
C45: 2005 | D45: 381500
C46: 2006 | D46: 408000
C47: 2007 | D47: 433700
C48: 2008 | D48: 461500
C49: 2009 | D49: 496900
C50: 2010 | D50: 515000
C51: 2011 | D51: 535600
C52: 2012 | D52: 566700
C53: 2013 | D53: 589500
... C58: 2018 | D58: 781242

Sheet 6-CONSORCIO MALLA VIAL 2018
B1: PROCESO DE CONTRATACION FDLCB-LP-013-2018
B3: CONTRATAR A PRECIOS FIJOS Y A MONTO AGOTABLE LA COMPLEMENTACION Y/O ACTUALIZACION Y/O AJUSTES DE DISEÑOS Y LA CONSTRUCCION Y/O RECONSTRUCCION DE LA MALLA VIAL DE LA LOCALIDAD DE CUIDAD BOLIVAR, EN BOGOTA D.C
B5: PROPONENTE | E5: CONSORCIO MALLA VIAL 2018
B8: VALORES HABILITANTES
B10: PRESUPUESTO OFICIAL $ | K10: 16000000000 | O10: =+IF(K12>=K11,"CUMPLE","NO CUMPLE") -> CUMPLE
B11: PRESUPUESTO OFICIAL SMMLV(75%)(1-2 CERTIFICACIONES) | K11: =+H39 -> 15360.157
B12: SMMLV PROPONENTE | K12: =+S33 -> 19430.049
B13: CAPACIDAD RESIDUAL DE CONTRATACION | N13: SI | O13: =+IF(N13>="SI","CUMPLE","NO CUMPLE") -> CUMPLE
B14: =IF(AND($O10="CUMPLE",O13="CUMPLE"),"HABILITADO","NO HABILITADO") -> HABILITADO
B15: FACTORES PONDERABLES
P17: OBSERVACIONES | X17: CALCULO DE LA CAPACIDAD RESIDUAL
B18: INCENTIVO A LA INDUSTRIA NACIONAL 1: OFRECIMIENTO DE 100PUNTOS / 2: OFRECIMIENTO DE 50 PUNTOS / NADA: OFRECIMIENTO DE 0 PUNTOS | N18: 1 | O18: =IF(B14="NO HABILITADO","0",IF(N18=1,"100",IF(N18=2,"50","0"))) -> 100
B19: PUNTAJE ADICIONAL PARA PROPONENTES CON TRABAJADORES CON DISCAPACIDAD (10 PUNTOS) | N19: SI | O19: =IF(B14="NO HABILITADO","0",IF(N19="SI","10","0")) -> 10
B20: HORAS DE CAPACITACION (20 PUNTOS) | N20: SI | O20: =IF(B14="NO HABILITADO","0",IF(N20="SI","20","0")) -> 20
B21: CALIDAD (100 PUNTOS) | N21: SI | O21: =IF(B14="NO HABILITADO","0",IF(N21="SI","100","0")) -> 100
B22: TOTAL | O22: =+O21+O20+O19+O18 -> 230
C24: ORDEN | D24: CONTRATISTA | E24: INTEGRANTE DEL PROPONENTE PLURAL QUE APORTA LA EXPERIENCIA | F24: NÚMERO CONSECUTIVO DEL REPORTE DEL CONTRATO EJECUTADO EN EL RUP | G24: CONTRATO | H24: OBJETO | I24: CODIGOS RUPUNSPSC / 721413 -721411-81101500 | J24: CONTRATANTE (RAZON SOCIAL) | K24: FORMA DE EJECUCION ( I, C o UT) | L24: PORCENTAJE DE PARTICIPACION EN EL PROPONENTE PLURAL O PORCENTAJE EN LA EJECUCION DE LAS ACTIVIDADES RELACIONADAS | M24: FECHA DE INICIO | N24: FECHA DE TERMINACION | O24: AÑO DE TERMINACION | P24: CONTRATO PROPIO/SOCIO/MATRIZ/FILIAL o SUBORDINADA | Q24: VALOR (incluido IVA) | R24: VALOR EJECUTADO X %PARTICIPACION (incluido IVA) | S24: VALOR EJECUTADO (incluido IVA) | T24: OBSERVACIONES | X24: OBSERVACIONES:
G25: NUMERO
R26: EN MILES DE PESOS | S26: EN SMMLV
C27: 1 | D27: CONSORCIO ORDOÑEZ CARDENAS & CIA LTDA-SANTIAGO SANCHEZ VESGA | E27: SANTIAGO SANCHEZ VESGA | F27: 38 | G27: 001 DE 1997 | H27: Construcción de la Prolongación Vial de la Calle 45 desde Quinta Estrella hasta la Zona Industrial de Chimita, entre las Abscisas K1 + 700 al K2 + 920 del Municipio de Bucaramanga | I27: CUMPLE | J27: AREA METROPOLITANA DE BUCARAMANGA | K27: C | L27: 0.5 | M27: 35534 | N27: 35964 | O27: 1998 | P27: PROPIO | Q27: 3.3856234e+09 | R27: =(Q27/1000)*L27 -> 1692811.7 | S27: =R27*1000/(VLOOKUP(O27,$C$37:$D$58,2,FALSE)) -> 8305.1805
C28: 2 | D28: CFD INGENIERIA SAS | E28: CFD INGENIERIA SAS | F28: 31 | G28: LP-001-2018 | H28: CONSTRUCCION DE PAVIMENTO EN CONCRETO EN LA ZONA URBANA DEL MUNICIPIO DE EL RETEN-MAGDALENA | I28: CUMPLE | J28: MUNICIPIO EL RETEN | K28: I | L28: 1 | M28: 17/07/2017 | N28: 43236 | O28: 2018 | P28: PROPIO | Q28: 8691214376 | R28: =(Q28/1000)*L28 -> 8691214.4 | S28: =R28*1000/(VLOOKUP(O28,$C$37:$D$58,2,FALSE)) -> 11124.868
C29: 3 | R29: =(Q29/1000)*L29 -> 0
C30: 4 | R30: =(Q30/1000)*L30 -> 0
C31: 5
C32: 6
R33: TOTAL | S33: =+SUM(S27:S32) -> 19430.049
C35: SALARIOS MINIMOS
C36: VIGENCIA | D36: VALOR
C37: 1997 | D37: 172005 | F37: NUMERO DE CONTRATOS | G37: PORCENTAJE | H37: SMMLV
C38: 1998 | D38: 203826 | G38: 1 | H38: 20480.21
C39: 1999 | D39: 236460 | F39: 1 A 2 | G39: 0.75 | H39: 15360.157
C40: 2000 | D40: 260100 | F40: 3 A 4 | G40: 1.2 | H40: 24576.252
C41: 2001 | D41: 286000 | F41: 5 A 6 | G41: 1.5 | H41: 30720.315
C42: 2002 | D42: 309000
C43: 2003 | D43: 332000
C44: 2004 | D44: 358000
C45: 2005 | D45: 381500
C46: 2006 | D46: 408000
C47: 2007 | D47: 433700
C48: 2008 | D48: 461500
C49: 2009 | D49: 496900
C50: 2010 | D50: 515000
C51: 2011 | D51: 535600
C52: 2012 | D52: 566700
C53: 2013 | D53: 589500
... C58: 2018 | D58: 781242

Sheet 7-CONSORCIO MALLA VIAL 2019
B1: PROCESO DE CONTRATACION FDLCB-LP-013-2018
B3: CONTRATAR A PRECIOS FIJOS Y A MONTO AGOTABLE LA COMPLEMENTACION Y/O ACTUALIZACION Y/O AJUSTES DE DISEÑOS Y LA CONSTRUCCION Y/O RECONSTRUCCION DE LA MALLA VIAL DE LA LOCALIDAD DE CUIDAD BOLIVAR, EN BOGOTA D.C
B5: PROPONENTE | E5: CONSORCIO MALLA VIAL 2019
B8: VALORES HABILITANTES
B10: PRESUPUESTO OFICIAL $ | K10: 16000000000 | O10: =+IF(K12>=K11,"CUMPLE","NO CUMPLE") -> CUMPLE
B11: VALOR MINIMO A CERTIFICAR SMMLV(150% P.O)(5-6 CERTIFICACIONES) | K11: =+H41 -> 30720.315
B12: SMMLV PROPONENTE | K12: =+S33 -> 56526.272
B13: CAPACIDAD RESIDUAL DE CONTRATACION | N13: SI | O13: =+IF(N13>="SI","CUMPLE","NO CUMPLE") -> CUMPLE
B14: =IF(AND($O10="CUMPLE",O13="CUMPLE"),"HABILITADO","NO HABILITADO") -> HABILITADO
B15: FACTORES PONDERABLES
P17: OBSERVACIONES | X17: CALCULO DE LA CAPACIDAD RESIDUAL
B18: INCENTIVO A LA INDUSTRIA NACIONAL 1: OFRECIMIENTO DE 100PUNTOS / 2: OFRECIMIENTO DE 50 PUNTOS / NADA: OFRECIMIENTO DE 0 PUNTOS | N18: 1 | O18: =IF(B14="NO HABILITADO","0",IF(N18=1,"100",IF(N18=2,"50","0"))) -> 100
B19: PUNTAJE ADICIONAL PARA PROPONENTES CON TRABAJADORES CON DISCAPACIDAD (10 PUNTOS) | N19: SI | O19: =IF(B14="NO HABILITADO","0",IF(N19="SI","10","0")) -> 10
B20: HORAS DE CAPACITACION (20 PUNTOS) | N20: SI | O20: =IF(B14="NO HABILITADO","0",IF(N20="SI","20","0")) -> 20
B21: CALIDAD (100 PUNTOS) | N21: SI | O21: =IF(B14="NO HABILITADO","0",IF(N21="SI","100","0")) -> 100
B22: TOTAL | O22: =+O21+O20+O19+O18 -> 230
C24: ORDEN | D24: CONTRATISTA | E24: INTEGRANTE DEL PROPONENTE PLURAL QUE APORTA LA EXPERIENCIA | F24: NÚMERO CONSECUTIVO DEL REPORTE DEL CONTRATO EJECUTADO EN EL RUP | G24: CONTRATO | H24: OBJETO | I24: CODIGOS RUPUNSPSC / 721413 -721411-81101500 | J24: CONTRATANTE (RAZON SOCIAL) | K24: FORMA DE EJECUCION ( I, C o UT) | L24: PORCENTAJE DE PARTICIPACION EN EL PROPONENTE PLURAL O PORCENTAJE EN LA EJECUCION DE LAS ACTIVIDADES RELACIONADAS | M24: FECHA DE INICIO | N24: FECHA DE TERMINACION | O24: AÑO DE TERMINACION | P24: CONTRATO PROPIO/SOCIO/MATRIZ/FILIAL o SUBORDINADA | Q24: VALOR (incluido IVA) | R24: VALOR EJECUTADO X %PARTICIPACION (incluido IVA) | S24: VALOR EJECUTADO (incluido IVA) | T24: OBSERVACIONES | X24: OBSERVACIONES:NO ANEXA ESTADOS FINANCIEROS (MEJOR AÑO OPERACIONAL PARA CALCULO DE CAPACIDAD RESIDUAL
G25: NUMERO
R26: EN MILES DE PESOS | S26: EN SMMLV
C27: 1 | D27: UNION TEMPORAL BOL K3 2015 | E27: BERNARDO ANCIZAR | F27: 131 | G27: COP 165 -2014 | H27: REALIZAR A MONTO AGOTABLE EL DIAGNOSTICO , Y ELABROACION DE ESTUDIOS Y DISEÑOS, MANTENIMIENTO , REHABILITACION O RECONSTRUCCION DE LA MALLA VIAL(…) | I27: CUMPLE | J27: ALCALDIA LOCLA DE KENNEDY | K27: UT | L27: 0.6 | M27: 42003 | N27: 42398 | O27: 2016 | P27: PROPIO | Q27: 6659973881 | R27: =(Q27/1000)*L27 -> 3995984.3 | S27: =R27*1000/(VLOOKUP(O27,$C$37:$D$58,2,FALSE)) -> 5795.8595
C28: 2 | D28: UNION TEMPORAL BOL K3 2016 | E28: BOL INGENIEROS ARQUITECTOS S.A | F28: 34 | G28: COP 165 -2014 | H28: REALIZAR A MONTO AGOTABLE EL DIAGNOSTICO , Y ELABROACION DE ESTUDIOS Y DISEÑOS, MANTENIMIENTO , REHABILITACION O RECONSTRUCCION DE LA MALLA VIAL(…) | I28: CUMPLE | J28: ALCALDIA LOCLA DE KENNEDY | K28: UT | L28: 0.1 | M28: 42003 | N28: 42398 | O28: 2016 | P28: PROPIO | Q28: 6659973881 | R28: =(Q28/1000)*L28 -> 665997.39 | S28: =R28*1000/(VLOOKUP(O28,$C$37:$D$58,2,FALSE)) -> 965.97659
C29: 3 | D29: BERNARDO ANCIZAR OSSA LOPEZ | E29: BERNARDO ANCIZAR OSSA LOPEZ | F29: 5 | G29: BM 237-2004 | H29: CONSTRUCCION , REHABILITACION Y CONSERVACION DE VIAS DE RUTAS ALIMENTADORAS DEL SISTEMA TRASMILENIO ZONA 4 | I29: CUMPLE | J29: IDU | K29: I | L29: 1 | M29: 39062 | N29: 40462 | O29: 2010 | P29: PROPIO | Q29: 19153619067 | R29: =(Q29/1000)*L29 -> 19153619 | S29: =R29*1000/(VLOOKUP(O29,$C$37:$D$58,2,FALSE)) -> 37191.493
C30: 4 | D30: UNION TEMPORAL BOL | E30: BERNARDO ANCIZAR OSSA LOPEZ | F30: 94 | G30: 120-2012 | H30: CONSTRUCCION DEL TRAMO DE LA TRASVERSAL DEL BOSQUE Y SUS OBRAS(…) | I30: CUMPLE | J30: AREA METROPOLITANA DE BUCARAMANGA | K30: UT | L30: 0.7 | M30: 41274 | N30: 41637 | O30: 2013 | P30: PROPIO | Q30: 7508655242 | R30: =(Q30/1000)*L30 -> 5256058.7 | S30: =R30*1000/(VLOOKUP(O30,$C$37:$D$58,2,FALSE)) -> 8916.1301
C31: 5 | D31: UNION TEMPORAL BOL | E31: BOL INGENIEROS ARQUITECTOS S.A | F31: 23 | G31: 120-2012 | H31: CONSTRUCCION DEL TRAMO DE LA TRASVERSAL DEL BOSQUE Y SUS OBRAS(…) | I31: CUMPLE | J31: AREA METROPOLITANA DE BUCARAMANGA | K31: UT | L31: 0.3 | M31: 41274 | N31: 41637 | O31: 2014 | P31: PROPIO | Q31: 7508655243 | R31: =(Q31/1000)*L31 -> 2252596.6 | S31: =R31*1000/(VLOOKUP(O31,$C$37:$D$58,2,FALSE)) -> 3656.8126
C32: 6 | D32: UNION TEMPORAL BOL | E32: BOL INGENIEROS ARQUITECTOS S.A | F32: 28 | G32: 083 DE 2012 | H32: CONSERVACION DE LA INFRA DEL SISTEMA INTEGRADO DE TRANSPORTE PUBLICO EN L ARONCAL DE SITEMA DE TRANSMILENIO AUTO NORTE | I32: CUMPLE | J32: IDU | K32: UT | L32: 0.1 | M32: 41344 | N32: 41845 | O32: 2014 | P32: PROPIO | Q32: =9756125341-171368833 -> 9584756508 | R32: =(Q32/1000)*L32 -> 958475.65 | S32: =R32*1000/(VLOOKUP(O32,$C$37:$D$58,2,FALSE)) -> 1555.967 | T32: NO CUMPLE CON EL OBJETO DEL CONTRATO CONSTRUCCION
R33: TOTAL | S33: =+SUM(S27:S32)-S32 -> 56526.272
C35: SALARIOS MINIMOS
C36: VIGENCIA | D36: VALOR
C37: 1997 | D37: 172005 | F37: NUMERO DE CONTRATOS | G37: PORCENTAJE | H37: SMMLV
C38: 1998 | D38: 203826 | G38: 1 | H38: 20480.21
C39: 1999 | D39: 236460 | F39: 1 A 2 | G39: 0.75 | H39: 15360.157
C40: 2000 | D40: 260100 | F40: 3 A 4 | G40: 1.2 | H40: 24576.252
C41: 2001 | D41: 286000 | F41: 5 A 6 | G41: 1.5 | H41: 30720.315
C42: 2002 | D42: 309000
C43: 2003 | D43: 332000
C44: 2004 | D44: 358000
C45: 2005 | D45: 381500
C46: 2006 | D46: 408000
C47: 2007 | D47: 433700 | F47: PORCENTAJE | G47: BOL INGENIEROS ARQ. | H47: 20 % P.O
C48: 2008 | D48: 461500 | G48: =+S31+S28 -> 4622.7892 | H48: =+(K10*0.2)/D58 -> 4096.0419
C49: 2009 | D49: 496900
C50: 2010 | D50: 515000
C51: 2011 | D51: 535600
C52: 2012 | D52: 566700
C53: 2013 | D53: 589500
C54: 2014 | D54: 616000
C55: 2015 | D55: 644350
C56: 2016 | D56: 689455
C57: 2017 | D57: 737717
C58: 2018 | D58: 781242

Sheet 8-CONSORCIO MALLA VIAL LR
B1: PROCESO DE CONTRATACION FDLCB-LP-013-2018
B3: CONTRATAR A PRECIOS FIJOS Y A MONTO AGOTABLE LA COMPLEMENTACION Y/O ACTUALIZACION Y/O AJUSTES DE DISEÑOS Y LA CONSTRUCCION Y/O RECONSTRUCCION DE LA MALLA VIAL DE LA LOCALIDAD DE CUIDAD BOLIVAR, EN BOGOTA D.C
B5: PROPONENTE | E5: CONSORCIO MALLA VIAL LR
B7: VALORES HABILITANTES
B9: PRESUPUESTO OFICIAL $ | K9: 16000000000 | O9: =+IF(K11>=K10,"CUMPLE","NO CUMPLE") -> CUMPLE | P9: EL CONTRATO 170 DE 2015 DEL INTEGRANTE JUAN CARLOS RIOS URUETA SERIA EL SEPTIMO CONTRATO APORTADO "LA RELAIZACIÓN POR EL SISTEMA DE PRECIOS UNITARIOS FIJOS SIN FORMULA DE AJUSTE, LAS OBRAS Y ACTIVIDADES PARA CONSTRUCCIÓN,REHABILITACIÓN Y LA CONSERVACIÓN DE LA MALLA VIAL EN LA LOCALIDAD DE FONTIBÓN DE ACUERDO CON LA DESCRIPCIÓN Y ESPECIFICACIONES TÉCNICAS REQUERIDAS"
B10: VALOR MINIMO A CERTIFICAR SMMLV(150% P.O)(5-6 CERTIFICACIONES) | K10: =+H40 -> 30720.315
B11: SMMLV PROPONENTE | K11: =+S32 -> 35367.338
B12: CAPACIDAD RESIDUAL DE CONTRATACION | N12: SI | O12: =+IF(N12>="SI","CUMPLE","NO CUMPLE") -> CUMPLE
B13: =IF(AND($O9="CUMPLE",O12="CUMPLE"),"HABILITADO","NO HABILITADO") -> HABILITADO
B14: FACTORES PONDERABLES
P16: OBSERVACIONES
B17: INCENTIVO A LA INDUSTRIA NACIONAL 1: OFRECIMIENTO DE 100PUNTOS / 2: OFRECIMIENTO DE 50 PUNTOS / NADA: OFRECIMIENTO DE 0 PUNTOS | N17: 1 | O17: =IF(B13="NO HABILITADO","0",IF(N17=1,"100",IF(N17=2,"50","0"))) -> 100
B18: PUNTAJE ADICIONAL PARA PROPONENTES CON TRABAJADORES CON DISCAPACIDAD (10 PUNTOS) | N18: SI | O18: =IF(B13="NO HABILITADO","0",IF(N18="SI","10","0")) -> 10
B19: HORAS DE CAPACITACION (20 PUNTOS) | N19: SI | O19: =IF(B13="NO HABILITADO","0",IF(N19="SI","20","0")) -> 20
B20: CALIDAD (100 PUNTOS) | N20: SI | O20: =IF(B13="NO HABILITADO","0",IF(N20="SI","100","0")) -> 100
B21: TOTAL | O21: =+O20+O19+O18+O17 -> 230
X22: CALCULO DE LA CAPACIDAD RESIDUAL
C23: ORDEN | D23: CONTRATISTA | E23: INTEGRANTE DEL PROPONENTE PLURAL QUE APORTA LA EXPERIENCIA | F23: NÚMERO CONSECUTIVO DEL REPORTE DEL CONTRATO EJECUTADO EN EL RUP | G23: CONTRATO | H23: OBJETO | I23: CODIGOS RUPUNSPSC / 721413 -721411-81101500 | J23: CONTRATANTE (RAZON SOCIAL) | K23: FORMA DE EJECUCION ( I, C o UT) | L23: PORCENTAJE DE PARTICIPACION EN EL PROPONENTE PLURAL O PORCENTAJE EN LA EJECUCION DE LAS ACTIVIDADES RELACIONADAS | M23: FECHA DE INICIO | N23: FECHA DE TERMINACION | O23: AÑO DE TERMINACION | P23: CONTRATO PROPIO/SOCIO/MATRIZ/FILIAL o SUBORDINADA | Q23: VALOR (incluido IVA) | R23: VALOR EJECUTADO X %PARTICIPACION (incluido IVA) | S23: VALOR EJECUTADO (incluido IVA) | T23: OBSERVACIONES
G24: NUMERO
R25: EN MILES DE PESOS | S25: EN SMMLV
C26: 1 | D26: CONSORCIO PAVIMENTOS LR | E26: LOPECA LTDA | F26: 49 | G26: 2016002193 | H26: PAVIMENTACIÓN EN CONCRETO HIDRAÚLICO Y SELLADO DE JUNTAS PARA EL PROGRAMA DE PAVIMENTACIÓN Y RECONSTRUCCIÓN EN LAS LOCALIDADES SUR ORIENTE, NORTE CENTRO HISTÓRICO, RIOMAR, SUR OCCIDENTE Y METROPOLITANA DEL DISTRITO DE BARRANQUILLA | I26: CUMPLE | J26: DISTRITO ESPECIAL, INDUSTRIAL Y PORTUARIO DE BARRANQUILLA | K26: C | L26: 0.5 | M26: 42613 | N26: 42916 | O26: 2017 | P26: SOCIO | Q26: 8509787988 | R26: =(Q26/1000)*L26 -> 4254894 | S26: =R26*1000/(VLOOKUP(O26,$C$36:$D$57,2,FALSE)) -> 5767.6507
C27: 2 | D27: CONSORCIO VIAL SANTA FE | E27: CARLOS RIOS URUETA | F27: 85 | G27: 2016002194 | H27: PAVIMENTACIÓN EN CONCRETO HIDRAÚLICO Y SELLADO DE JUNTAS PARA EL PROGRAMA DE PAVIMENTACIÓN Y RECONSTRUCCIÓN EN LAS LOCALIDADES SUR ORIENTE, NORTE CENTRO HISTÓRICO, RIOMAR, SUR OCCIDENTE Y METROPOLITANA DEL DISTRITO DE BARRANQUILLA | I27: CUMPLE | J27: DISTRITO ESPECIAL, INDUSTRIAL Y PORTUARIO DE BARRANQUILLA | K27: C | L27: 0.5 | M27: 42613 | N27: 42916 | O27: 2018 | P27: SOCIO | Q27: 8509787989 | R27: =(Q27/1000)*L27 -> 4254894 | S27: =R27*1000/(VLOOKUP(O27,$C$36:$D$57,2,FALSE)) -> 5446.3201
C28: 3 | D28: CONSORCIO VIAS URBANAS MONTERIA 2011 | E28: LOPECA LTDA | F28: 33 | G28: 424-2014 | H28: CONSTRUCCION DE PAVIMENTO RIGIDO DE LA CALLE 5 ENTRE CARRERA 3 Y CARRERA 1E, CALLE 4 ENTRE CARRERA3 Y CARRERA 1E, CALLE 3B, ENTRE CARRERA1E Y CARRERA 2, CARRERA 1E ENTRE CALLE 4D Y CALLE 6, CARRERA 2ENTRE CALLE 3B Y CALLE 4D T CARRERAS 1F, 1G, 1H, ENTRE CALLE 3B Y CALLE 4D, CARRERA 2A 2B, 2C ENTRE CALLE 3B Y CALLE 4D ENEL | I28: CUMPLE | J28: ALCALDIA DE MONTERÍA | K28: C | L28: 0.7 | M28: 42152 | N28: 42356 | O28: 2015 | P28: SOCIO | Q28: 5513373060 | R28: =(Q28/1000)*L28 -> 3859361.1 | S28: =R28*1000/(VLOOKUP(O28,$C$36:$D$57,2,FALSE)) -> 5989.5416
C29: 4 | D29: CONSORCIO VIAS URBANAS MONTERIA 2012 | E29: CARLOS RIOS URUETA | F29: 74 | G29: 424-2014 | H29: CONSTRUCCION DE PAVIMENTO RIGIDO DE LA CALLE 5 ENTRE CARRERA 3 Y CARRERA 1E, CALLE 4 ENTRE CARRERA3 Y CARRERA 1E, CALLE 3B, ENTRE CARRERA1E Y CARRERA 2, CARRERA 1E ENTRE CALLE 4D Y CALLE 6, CARRERA 2ENTRE CALLE 3B Y CALLE 4D T CARRERAS 1F, 1G, 1H, ENTRE CALLE 3B Y CALLE 4D, CARRERA 2A 2B, 2C ENTRE CALLE 3B Y CALLE 4D ENEL | I29: CUMPLE | J29: ALCALDIA DE MONTERÍA | K29: C | L29: 0.15 | M29: 42152 | N29: 42356 | O29: 2015 | P29: SOCIO | Q29: 5513373060 | R29: =(Q29/1000)*L29 -> 827005.96 | S29: =R29*1000/(VLOOKUP(O29,$C$36:$D$57,2,FALSE)) -> 1283.4732
C30: 5 | D30: CONSORCIO VIAS URBANAS MONTERIA 2011 | E30: JUAN CARLOS RIOS URUETA | F30: 3 | G30: 003-2011 | H30: PAVIMENTACION EN CONCRETO RÍGIDO DE LA CARRERA 4 Y 5 ENTRE LA CALLE 41 Y LA AVENIDA CIRCUNVALAR PERTENECIENTE AL SISTEMA ESTRATÉGICO DE TRANSPORTE PÚBLICO "SETP" DE LA | I30: CUMPLE | J30: MONTERÍA CIUDAD AMABLE S.A.S. | K30: C | L30: 0.39 | M30: 40729 | N30: 41247 | O30: 2012 | P30: SOCIO | Q30: 14147032722 | R30: =(Q30/1000)*L30 -> 5517342.8 | S30: =R30*1000/(VLOOKUP(O30,$C$36:$D$57,2,FALSE)) -> 9735.9145
C31: 6 | D31: CONSORCIO MALLA VIAL IJ | E31: INGESCOR LTDA | F31: 109 | G31: 170-2015 | H31: LA RELAIZACIÓN POR EL SISTEMA DE PRECIOS UNITARIOS FIJOS SIN FORMULA DE AJUSTE, LAS OBRAS Y ACTIVIDADES PARA CONSTRUCCIÓN, REHABILITACIÓN Y LA CONSERVACIÓN DE LA MALLA VIAL EN LA LOCALIDAD DE FONTIBÓN DE ACUERDO CON LA DESCRIPCIÓN Y ESPECIFICACIONES TÉCNICAS REQUERIDAS | I31: CUMPLE | J31: FONDO DE DESARROLLO LOCAL DE FONTIBÓN | K31: C | L31: 0.9 | M31: 42392 | N31: 42665 | O31: 2016 | P31: SOCIO | Q31: 5473075651 | R31: =(Q31/1000)*L31 -> 4925768.1 | S31: =R31*1000/(VLOOKUP(O31,$C$36:$D$57,2,FALSE)) -> 7144.4374 | X31: OBSERVACIONES:
R32: TOTAL | S32: =+SUM(S26:S31) -> 35367.338
C34: SALARIOS MINIMOS
C35: VIGENCIA | D35: VALOR
C36: 1997 | D36: 172005 | F36: NUMERO DE CONTRATOS | G36: PORCENTAJE | H36: SMMLV
C37: 1998 | D37: 203826 | G37: 1 | H37: 20480.21
C38: 1999 | D38: 236460 | F38: 1 A 2 | G38: 0.75 | H38: 15360.157
C39: 2000 | D39: 260100 | F39: 3 A 4 | G39: 1.2 | H39: 24576.252
C40: 2001 | D40: 286000 | F40: 5 A 6 | G40: 1.5 | H40: 30720.315
C41: 2002 | D41: 309000
C42: 2003 | D42: 332000
C43: 2004 | D43: 358000
C44: 2005 | D44: 381500
C45: 2006 | D45: 408000
C46: 2007 | D46: 433700
C47: 2008 | D47: 461500
C48: 2009 | D48: 496900
C49: 2010 | D49: 515000
C50: 2011 | D50: 535600
C51: 2012 | D51: 566700
C52: 2013 | D52: 589500
... C57: 2018 | D57: 781242

Sheet 9- CON. VIAL CIUDAD BOLIVAR MV
B1: PROCESO DE CONTRATACION FDLCB-LP-013-2018
B3: CONTRATAR A PRECIOS FIJOS Y A MONTO AGOTABLE LA COMPLEMENTACION Y/O ACTUALIZACION Y/O AJUSTES DE DISEÑOS Y LA CONSTRUCCION Y/O RECONSTRUCCION DE LA MALLA VIAL DE LA LOCALIDAD DE CUIDAD BOLIVAR, EN BOGOTA D.C
B5: PROPONENTE | E5: CONSORCIO VIAL CIUDAD BOLIVAR MV
B8: VALORES HABILITANTES
B10: PRESUPUESTO OFICIAL $ | K10: 16000000000 | O10: =+IF(K12>=K11,"CUMPLE","NO CUMPLE") -> CUMPLE
B11: VALOR MINIMO A CERTIFICAR SMMLV(75% P.O)(1-2 CERTIFICACIONES) | K11: =+H39 -> 15360.157
B12: SMMLV PROPONENTE | K12: =+S33 -> 30458.841
B13: CAPACIDAD RESIDUAL DE CONTRATACION | N13: SI | O13: =+IF(N13>="SI","CUMPLE","NO CUMPLE") -> CUMPLE
B14: =IF(AND($O10="CUMPLE",O13="CUMPLE"),"HABILITADO","NO HABILITADO") -> HABILITADO
B15: FACTORES PONDERABLES
P17: OBSERVACIONES | X17: CALCULO DE LA CAPACIDAD RESIDUAL
B18: INCENTIVO A LA INDUSTRIA NACIONAL 1: OFRECIMIENTO DE 100PUNTOS / 2: OFRECIMIENTO DE 50 PUNTOS / NADA: OFRECIMIENTO DE 0 PUNTOS | N18: 1 | O18: =IF(B14="NO HABILITADO","0",IF(N18=1,"100",IF(N18=2,"50","0"))) -> 100
B19: PUNTAJE ADICIONAL PARA PROPONENTES CON TRABAJADORES CON DISCAPACIDAD (10 PUNTOS) | N19: SI | O19: =IF(B14="NO HABILITADO","0",IF(N19="SI","10","0")) -> 10
B20: HORAS DE CAPACITACION (20 PUNTOS) | N20: SI | O20: =IF(B14="NO HABILITADO","0",IF(N20="SI","20","0")) -> 20
B21: CALIDAD (100 PUNTOS) | N21: SI | O21: =IF(B14="NO HABILITADO","0",IF(N21="SI","100","0")) -> 100
B22: TOTAL | O22: =+O21+O20+O19+O18 -> 230
C24: ORDEN | D24: CONTRATISTA | E24: INTEGRANTE DEL PROPONENTE PLURAL QUE APORTA LA EXPERIENCIA | F24: NÚMERO CONSECUTIVO DEL REPORTE DEL CONTRATO EJECUTADO EN EL RUP | G24: CONTRATO | H24: OBJETO | I24: CODIGOS RUP-UNSPSC | J24: CONTRATANTE (RAZON SOCIAL) | K24: FORMA DE EJECUCION ( I, C o UT) | L24: PORCENTAJE DE PARTICIPACION EN EL PROPONENTE PLURAL O PORCENTAJE EN LA EJECUCION DE LAS ACTIVIDADES RELACIONADAS | M24: FECHA DE INICIO | N24: FECHA DE TERMINACION | O24: AÑO DE TERMINACION | P24: CONTRATO PROPIO/SOCIO/MATRIZ/FILIAL o SUBORDINADA | Q24: VALOR (incluido IVA) | R24: VALOR EJECUTADO X %PARTICIPACION (incluido IVA) | S24: VALOR EJECUTADO (incluido IVA) | T24: OBSERVACIONES
G25: NUMERO
R26: EN MILES DE PESOS | S26: EN SMMLV | X26: OBSERVACIONES:
C27: 1 | D27: UNION TEMPORAL VIAL SUBA MV | E27: MEJIA VILLEGAS CONSTRUCTORES S.A. | F27: 60 | G27: 031 DE 2012 | H27: REALIZAR A PRECIOS UNITARIOS, LAS OBRAS DE MEJORAMIENTO INTEGRAL PARA LA MALLA VIAL INTERMEDIA Y LOCAL DE LA LOCALIDAD DE SUBA, EN LA CIUDAD DE BOGOTÁD.C., DE ACUERDO CON LA DESCRIPCIÓN, ESPECIFICACIONES Y DEMÁS CONDICIONES ESTABLECIDAS EN EL PLIEGO DE CONDICIONES, EN ESPECIAL CON LAS ESTABLECIDAS EN LOS APÉNDICES, Y LAS CONSIGNADAS EN EL ANEXO TÉCNICO GENERAL | I27: CUMPLE | J27: FONDO DE DESARROLLO LOCAL DE SUBA | K27: UT | L27: 0.485 | M27: 40974 | N27: 41583 | O27: 2013 | Q27: =14999989359-501907866 -> 14498081493 | R27: =(Q27/1000)*L27 -> 7031569.5 | S27: =R27*1000/(VLOOKUP(O27,$C$37:$D$58,2,FALSE)) -> 11928.023 | T27: NO CUMPLE CON EL OBJETO A CERTIFICAR DE CONSTRUCCION
C28: 2 | D28: UNION TEMPORAL VIAL SUBA MV | E28: VILTEC S.A.S. | F28: 13 | G28: 031DE 2012 | H28: REALIZAR A PRECIOS UNITARIOS, LAS OBRAS DE MEJORAMIENTO INTEGRAL PARA LA MALLA VIAL INTERMEDIA Y LOCAL DE LA LOCALIDAD DE SUBA, EN LA CIUDAD DE BOGOTÁD.C., DE ACUERDO CON LA DESCRIPCIÓN, ESPECIFICACIONES Y DEMÁS CONDICIONES ESTABLECIDAS EN EL PLIEGO DE CONDICIONES, EN ESPECIAL CON LAS ESTABLECIDAS EN LOS APÉNDICES, Y LAS CONSIGNADAS EN EL ANEXO TÉCNICO GENERAL | I28: CUMPLE | J28: FONDO DE DESARROLLO LOCAL DE SUBA | K28: UT | L28: 0.485 | M28: 40974 | N28: 41583 | O28: 2013 | Q28: =14999989359-501907866 -> 14498081493 | R28: =(Q28/1000)*L28 -> 7031569.5 | S28: =R28*1000/(VLOOKUP(O28,$C$37:$D$58,2,FALSE)) -> 11928.023 | T28: NO CUMPLE CON EL OBJETO A CERTIFICAR DE CONSTRUCCION
C29: 3 | D29: CONSORCIO VIAL SUBA MV 2014 | E29: MEJIA VILLEGAS CONSTRUCTORES S.A. | F29: 109 | G29: 092 DE 2014 | H29: DESARROLLAR LAS ACTIVIDADES DE MANTENIMIENTO, REHABILITACIÓN, RECONSTRUCCIÓN Y ACCIONES DE MOVILIDAD DE LA MALLA VIAL Y ESPACIO PUBLICO DE LA LOCALIDAD DE SUBA | I29: CUMPLE | J29: FONDO DE DESARROLLO LOCAL DE SUBA | K29: C | L29: 0.85 | M29: 41799 | N29: 42452 | O29: 2016 | Q29: 20999999993 | R29: =(Q29/1000)*L29 -> 17850000 | S29: =R29*1000/(VLOOKUP(O29,$C$37:$D$58,2,FALSE)) -> 25890.015
C30: 4 | D30: CONSORCIO VIAL SUBA MV 2014 | E30: VILTEC S.A.S. | F30: 19 | G30: 092 DE 2014 | H30: DESARROLLAR LAS ACTIVIDADES DE MANTENIMIENTO, REHABILITACIÓN, RECONSTRUCCIÓN Y ACCIONES DE MOVILIDAD DE LA MALLA VIAL Y ESPACIO PUBLICO DE LA LOCALIDAD DE SUBA | I30: CUMPLE | J30: FONDO DE DESARROLLO LOCAL DE SUBA | K30: C | L30: 0.15 | M30: 41799 | N30: 42452 | O30: 2016 | Q30: 20999999993 | R30: =(Q30/1000)*L30 -> 3150000 | S30: =R30*1000/(VLOOKUP(O30,$C$37:$D$58,2,FALSE)) -> 4568.8261
C31: 5 | R31: =(Q31/1000)*L31 -> 0
C32: 6 | R32: =(Q32/1000)*L32 -> 0
R33: TOTAL | S33: =+SUM(S27:S32)-S27-S28 -> 30458.841
C35: SALARIOS MINIMOS
C36: VIGENCIA | D36: VALOR
C37: 1997 | D37: 172005 | F37: NUMERO DE CONTRATOS | G37: PORCENTAJE | H37: SMMLV
C38: 1998 | D38: 203826 | G38: 1 | H38: 20480.21
C39: 1999 | D39: 236460 | F39: 1 A 2 | G39: 0.75 | H39: 15360.157
C40: 2000 | D40: 260100 | F40: 3 A 4 | G40: 1.2 | H40: 24576.252
C41: 2001 | D41: 286000 | F41: 5 A 6 | G41: 1.5 | H41: 30720.315
C42: 2002 | D42: 309000
C43: 2003 | D43: 332000
C44: 2004 | D44: 358000
C45: 2005 | D45: 381500
C46: 2006 | D46: 408000
C47: 2007 | D47: 433700
C48: 2008 | D48: 461500
C49: 2009 | D49: 496900
C50: 2010 | D50: 515000
C51: 2011 | D51: 535600
C52: 2012 | D52: 566700
C53: 2013 | D53: 589500
... C58: 2018 | D58: 781242

Sheet 10-CONSORCIO VIAL PC -13
B1: PROCESO DE CONTRATACION FDLCB-LP-013-2018
B3: CONTRATAR A PRECIOS FIJOS Y A MONTO AGOTABLE LA COMPLEMENTACION Y/O ACTUALIZACION Y/O AJUSTES DE DISEÑOS Y LA CONSTRUCCION Y/O RECONSTRUCCION DE LA MALLA VIAL DE LA LOCALIDAD DE CUIDAD BOLIVAR, EN BOGOTA D.C
B5: PROPONENTE | E5: CONSORCIO VIAL PC -13
B8: VALORES HABILITANTES
B10: PRESUPUESTO OFICIAL $ | K10: 16000000000 | O10: =+IF(K12>=K11,"CUMPLE","NO CUMPLE") -> CUMPLE
B11: VALOR MINIMO A CERTIFICAR SMMLV(75% P.O)(1-2 CERTIFICACIONES) | K11: =+H39 -> 15360.157
B12: SMMLV PROPONENTE | K12: =+S33 -> 24915.496
B13: CAPACIDAD RESIDUAL DE CONTRATACION | N13: SI | O13: =+IF(N13>="SI","CUMPLE","NO CUMPLE") -> CUMPLE
B14: =IF(AND($O10="CUMPLE",O13="CUMPLE"),"HABILITADO","NO HABILITADO") -> HABILITADO
B15: FACTORES PONDERABLES
P17: OBSERVACIONES | X17: CALCULO DE LA CAPACIDAD RESIDUAL
B18: INCENTIVO A LA INDUSTRIA NACIONAL 1: OFRECIMIENTO DE 100PUNTOS / 2: OFRECIMIENTO DE 50 PUNTOS / NADA: OFRECIMIENTO DE 0 PUNTOS | N18: 1 | O18: =IF(B14="NO HABILITADO","0",IF(N18=1,"100",IF(N18=2,"50","0"))) -> 100
B19: PUNTAJE ADICIONAL PARA PROPONENTES CON TRABAJADORES CON DISCAPACIDAD (10 PUNTOS) | N19: SI | O19: =IF(B14="NO HABILITADO","0",IF(N19="SI","10","0")) -> 10
B20: HORAS DE CAPACITACION (20 PUNTOS) | N20: SI | O20: =IF(B14="NO HABILITADO","0",IF(N20="SI","20","0")) -> 20
B21: CALIDAD (100 PUNTOS) | N21: SI | O21: =IF(B14="NO HABILITADO","0",IF(N21="SI","100","0")) -> 100
B22: TOTAL | O22: =+O21+O20+O19+O18 -> 230
C24: ORDEN | D24: CONTRATISTA | E24: INTEGRANTE DEL PROPONENTE PLURAL QUE APORTA LA EXPERIENCIA | F24: NÚMERO CONSECUTIVO DEL REPORTE DEL CONTRATO EJECUTADO EN EL RUP | G24: CONTRATO | H24: OBJETO | I24: CODIGOS RUPUNSPSC / 721413 -721411-81101500 | J24: CONTRATANTE (RAZON SOCIAL) | K24: FORMA DE EJECUCION ( I, C o UT) | L24: PORCENTAJE DE PARTICIPACION EN EL PROPONENTE PLURAL O PORCENTAJE EN LA EJECUCION DE LAS ACTIVIDADES RELACIONADAS | M24: FECHA DE INICIO | N24: FECHA DE TERMINACION | O24: AÑO DE TERMINACION | P24: CONTRATO PROPIO/SOCIO/MATRIZ/FILIAL o SUBORDINADA | Q24: VALOR (incluido IVA) | R24: VALOR EJECUTADO X %PARTICIPACION (incluido IVA) | S24: VALOR EJECUTADO (incluido IVA) | T24: OBSERVACIONES
G25: NUMERO
R26: EN MILES DE PESOS | S26: EN SMMLV | X26: OBSERVACIONES:
C27: 1 | D27: CONSORCIO VIAL 2007 | E27: PROMOTORA PUGA LTDA | F27: 14 | G27: 119-2006 | H27: CONSTRUCCION DE ACCESO A BARRIOS Y PAVIMENTOS LOCALES GRUPO 4 (…) | I27: CUMPLE | J27: IDU | K27: C | L27: 0.8 | M27: 39144 | N27: 39647 | O27: 2008 | P27: PROPIO | Q27: 7285067963 | R27: =(Q27/1000)*L27 -> 5828054.4 | S27: =R27*1000/(VLOOKUP(O27,$C$37:$D$58,2,FALSE)) -> 12628.504
C28: 2 | D28: VICTOR MANUEL CHAVEZ PEÑA | E28: VICTOR MANUEL CHAVEZ PEÑA | F28: 34 | G28: 1878-2013 | H28: CONSTRUCCION Y/O REHABILITACION DE ACCESOS A BARRIOS Y PAVIMENTOS LOCALES GRUPO 3(…) | I28: CUMPLE | J28: IDU | K28: I | L28: 1 | M28: 41694 | N28: 42338 | O28: 2015 | P28: PROPIO | Q28: 7917123365 | R28: =(Q28/1000)*L28 -> 7917123.4 | S28: =R28*1000/(VLOOKUP(O28,$C$37:$D$58,2,FALSE)) -> 12286.992
C29: 3 | R29: =(Q29/1000)*L29 -> 0
C30: 4 | R30: =(Q30/1000)*L30 -> 0
C31: 5 | R31: =(Q31/1000)*L31 -> 0
C32: 6 | R32: =(Q32/1000)*L32 -> 0
R33: TOTAL | S33: =+SUM(S27:S32) -> 24915.496
C35: SALARIOS MINIMOS
C36: VIGENCIA | D36: VALOR
C37: 1997 | D37: 172005 | F37: NUMERO DE CONTRATOS | G37: PORCENTAJE | H37: SMMLV
C38: 1998 | D38: 203826 | G38: 1 | H38: 20480.21
C39: 1999 | D39: 236460 | F39: 1 A 2 | G39: 0.75 | H39: 15360.157
C40: 2000 | D40: 260100 | F40: 3 A 4 | G40: 1.2 | H40: 24576.252
C41: 2001 | D41: 286000 | F41: 5 A 6 | G41: 1.5 | H41: 30720.315
C42: 2002 | D42: 309000
C43: 2003 | D43: 332000
C44: 2004 | D44: 358000
C45: 2005 | D45: 381500
C46: 2006 | D46: 408000
C47: 2007 | D47: 433700
C48: 2008 | D48: 461500
C49: 2009 | D49: 496900
C50: 2010 | D50: 515000
C51: 2011 | D51: 535600
C52: 2012 | D52: 566700
C53: 2013 | D53: 589500
... C58: 2018 | D58: 781242

Sheet 11-CONSORCIO VIAS BOLÍVAR 2018
B1: PROCESO DE CONTRATACION FDLCB-LP-013-2018
B3: CONTRATAR A PRECIOS FIJOS Y A MONTO AGOTABLE LA COMPLEMENTACION Y/O ACTUALIZACION Y/O AJUSTES DE DISEÑOS Y LA CONSTRUCCION Y/O RECONSTRUCCION DE LA MALLA VIAL DE LA LOCALIDAD DE CUIDAD BOLIVAR, EN BOGOTA D.C
B5: PROPONENTE | E5: CONSORCIO VIAS BOLÍVAR 2018
B8: VALORES HABILITANTES
B10: PRESUPUESTO OFICIAL $ | K10: 16000000000 | O10: =+IF(K12>=K11,"CUMPLE","NO CUMPLE") -> NO CUMPLE | P10: NO CUMPLE CON LO SMMLV A CERTIFICAR
B11: VALOR MINIMO A CERTIFICAR SMMLV(120% P.O)(3-4 CERTIFICACIONES) | K11: =+H40 -> 24576.252
B12: SMMLV PROPONENTE | K12: =+S33 -> 17345.358
B13: CAPACIDAD RESIDUAL DE CONTRATACION | N13: SI | O13: =+IF(N13>="SI","CUMPLE","NO CUMPLE") -> CUMPLE
B14: =IF(AND($O10="CUMPLE",O13="CUMPLE"),"HABILITADO","NO HABILITADO") -> NO HABILITADO
B15: FACTORES PONDERABLES
P17: OBSERVACIONES | X17: CALCULO DE LA CAPACIDAD RESIDUAL
B18: INCENTIVO A LA INDUSTRIA NACIONAL 1: OFRECIMIENTO DE 100PUNTOS / 2: OFRECIMIENTO DE 50 PUNTOS / NADA: OFRECIMIENTO DE 0 PUNTOS | N18: 1 | O18: =IF(B14="NO HABILITADO","0",IF(N18=1,"100",IF(N18=2,"50","0"))) -> 0
B19: PUNTAJE ADICIONAL PARA PROPONENTES CON TRABAJADORES CON DISCAPACIDAD (10 PUNTOS) | N19: SI | O19: =IF(B14="NO HABILITADO","0",IF(N19="SI","10","0")) -> 0
B20: HORAS DE CAPACITACION (20 PUNTOS) | N20: SI | O20: =IF(B14="NO HABILITADO","0",IF(N20="SI","20","0")) -> 0
B21: CALIDAD (100 PUNTOS) | N21: SI | O21: =IF(B14="NO HABILITADO","0",IF(N21="SI","100","0")) -> 0
B22: TOTAL | O22: =+O21+O20+O19+O18 -> 0
C24: ORDEN | D24: CONTRATISTA | E24: INTEGRANTE DEL PROPONENTE PLURAL QUE APORTA LA EXPERIENCIA | F24: NÚMERO CONSECUTIVO DEL REPORTE DEL CONTRATO EJECUTADO EN EL RUP | G24: CONTRATO | H24: OBJETO | I24: CODIGOS RUPUNSPSC / 721413 -721411-81101500 | J24: CONTRATANTE (RAZON SOCIAL) | K24: FORMA DE EJECUCION ( I, C o UT) | L24: PORCENTAJE DE PARTICIPACION EN EL PROPONENTE PLURAL O PORCENTAJE EN LA EJECUCION DE LAS ACTIVIDADES RELACIONADAS | M24: FECHA DE INICIO | N24: FECHA DE TERMINACION | O24: AÑO DE TERMINACION | P24: CONTRATO PROPIO/SOCIO/MATRIZ/FILIAL o SUBORDINADA | Q24: VALOR (incluido IVA) | R24: VALOR EJECUTADO X %PARTICIPACION (incluido IVA) | S24: VALOR EJECUTADO (incluido IVA) | T24: OBSERVACIONES
G25: NUMERO
R26: EN MILES DE PESOS | S26: EN SMMLV
C27: 1 | D27: CONSORCIO NUEVA ALIANZA | E27: LUIS FERNANDO MESA BALLESTEROS | F27: 2 | G27: 070 DE 2011 | H27: REALIZAR A PRECIOS UNITARIOS, LAS OBRAS DE MEJORAMIENTO INTEGRAL PARA LA MALLA VIAL INTERMEDIA Y LOCAL DE LA LOCALIDAD DE SUBA, EN LA CIUDAD DE BOGOTÁ D.C., DE ACUERDO CON LA DESCRIPCIÓN, ESPECIFICACIONES Y DAMÁS CONDICIONES ESTABLECIDAS EN EL PLIEGO DE CONDICIONES, EN ESPECIAL CONLAS ESTABLECIDAS EN LOS APÉNDICES, LAS CONSIGNADAS EN EL ANEXO TÉCNICO GENERAL Y LA OFERTA PRESENTADA EN EL PROCESO DE SELECCIÓN DENOMINADO LICITACIÓN PÚBLICA NO. DFDLS-LP-03-2011 | I27: CUMPLE | J27: ALCALDIA LOCAL DE SUBA | K27: C | L27: 0.5 | M27: 40778 | N27: 41369 | O27: 2013 | P27: PROPIO | Q27: =7614893828-262064469 -> 7352829359 | R27: =(Q27/1000)*L27 -> 3676414.7 | S27: =R27*1000/(VLOOKUP(O27,$C$37:$D$58,2,FALSE)) -> 6236.4965
C28: 2 | D28: UNION TEMPORAL IMPERIAL | E28: LUIS FERNANDO MESA BALLESTEROS | F28: 8 | G28: 094 DE 2010 | H28: OBRAS DE MEJORAMIENTO INTEGRAL PARA LA MALLA VIAL INTERMEDIA Y LOCAL DE LA LOCALIDAD DE SUBA, EN LA CIUDAD DE BOGOTÁ D.C. | I28: CUMPLE | J28: ALCALDIA LOCAL DE SUBA | K28: UT | L28: 0.5 | M28: 40581 | N28: 41096 | O28: 2012 | P28: PROPIO | Q28: =7499939688-483329250 -> 7016610438 | R28: =(Q28/1000)*L28 -> 3508305.2 | S28: =R28*1000/(VLOOKUP(O28,$C$37:$D$58,2,FALSE)) -> 6190.7627 | X28: OBSERVACIONES:
C29: 3 | D29: CONSORCIO ALIANZA | E29: LUIS FERNANDO MESA BALLESTEROS | F29: 81 | G29: 13 DE 2003 | H29: EL CONTRATISTA SE OBLIGA A EJECUTAR LAS INTERVENCIONES DE MANTENIMIENTO RUTINARIO Y MANTENIMIENTO PERIÓDICO DE LAS VÍAS DE LA MALLA VIAL ARTERIAL PRINCIPAL Y COMPLEMENTARIA, CORRESPONDIENTES AL DISTRITO DE MANTENIMIENTO NO. 2 – AV. BOYACÁ | I29: CUMPLE | J29: IDU | K29: C | L29: 0.55 | M29: 37725 | N29: 38503 | O29: 2005 | P29: PROPIO | Q29: 7466570638 | R29: =(Q29/1000)*L29 -> 4106613.9 | S29: =R29*1000/(VLOOKUP(O29,$C$37:$D$58,2,FALSE)) -> 10764.388 | T29: NO CUMPEL CON EL OBJETO A CERTIFICAR CONSTRUCCION
C30: 4 | D30: 4 CONSORCIO VIAS URIBE | E30: SANDRA MILENA FORERO BOHORQUEZ | F30: 75 | G30: 166 DE 2015 | H30: CONTRATAR POR EL SISTEMA DE PRECIOS UNITARIOS Y A MONTO AGOTABLE, LA REALIZACIÓN DE OBRAS DE CONSTRUCCIÓN, REHABILITACIÓN Y/O MANTENIMIENTO DE SEGMENTO DE MALLA VIAL LOCAL Y/O ANDENES – ESPACIO PÚBLICO DE LA LOCALIDAD DE RAFAEL URIBE URIBE | I30: CUMPLE | J30: FONDO DE DESARROLLO LOCAL RAFAEL URIBE URIBE | K30: C | L30: 0.3 | M30: 42422 | N30: 42907 | O30: 2017 | P30: PROPIO | Q30: 12093882643 | R30: =(Q30/1000)*L30 -> 3628164.8 | S30: =R30*1000/(VLOOKUP(O30,$C$37:$D$58,2,FALSE)) -> 4918.0984
C31: 5 | R31: =(Q31/1000)*L31 -> 0
C32: 6 | R32: =(Q32/1000)*L32 -> 0
R33: TOTAL | S33: =+SUM(S27:S32)-S29 -> 17345.358
C35: SALARIOS MINIMOS
C36: VIGENCIA | D36: VALOR
C37: 1997 | D37: 172005 | F37: NUMERO DE CONTRATOS | G37: PORCENTAJE | H37: SMMLV
C38: 1998 | D38: 203826 | G38: 1 | H38: 20480.21
C39: 1999 | D39: 236460 | F39: 1 A 2 | G39: 0.75 | H39: 15360.157
C40: 2000 | D40: 260100 | F40: 3 A 4 | G40: 1.2 | H40: 24576.252
C41: 2001 | D41: 286000 | F41: 5 A 6 | G41: 1.5 | H41: 30720.315
C42: 2002 | D42: 309000
C43: 2003 | D43: 332000
C44: 2004 | D44: 358000
C45: 2005 | D45: 381500
C46: 2006 | D46: 408000
C47: 2007 | D47: 433700
C48: 2008 | D48: 461500
C49: 2009 | D49: 496900
C50: 2010 | D50: 515000
C51: 2011 | D51: 535600
C52: 2012 | D52: 566700
C53: 2013 | D53: 589500
... C58: 2018 | D58: 781242

Sheet 12-CONSORCTRB013
B1: PROCESO DE CONTRATACION FDLCB-LP-013-2018
B3: CONTRATAR A PRECIOS FIJOS Y A MONTO AGOTABLE LA COMPLEMENTACION Y/O ACTUALIZACION Y/O AJUSTES DE DISEÑOS Y LA CONSTRUCCION Y/O RECONSTRUCCION DE LA MALLA VIAL DE LA LOCALIDAD DE CUIDAD BOLIVAR, EN BOGOTA D.C
B5: PROPONENTE | E5: CONSORCTRB013
B8: VALORES HABILITANTES
B10: PRESUPUESTO OFICIAL $ | K10: 16000000000 | O10: =+IF(K12>=K11,"CUMPLE","NO CUMPLE") -> NO CUMPLE | P10: LOS CONTRATOS APORTADA EN EL ANEXO NO. 5-EXPERIENCIA DEL PROPONENTE, NO CORRESPONDE CON LO ESTABLECIDO EN EL ESTUDIO PREVIO-NUMERAL -CAPACIDAD TECNICA-INFORMACION SOBRE EXPERIENCIA DEL PROPONENTE LA CAL REFIERE: " LA CONSTRUCCION DE LA INFRAESTRUCTURA VIAL PARA TRAFICO VEHICULAR DE VIAS URBANAS O VIAS INTERURBANAS DE LA MALLA VIAL PRIMARIA" ADICIONALMENTE , DE ACUERDO A LO ANTERIOIR , NO CUMPLE "La sumatoria de los SMMLV de los contratos aportados por cada uno de los integrantes de la figura asociativa, de conformidad con lo establecido en el titulo EXPERIENCIA DEL PROPONENTE de las condiciones específicas de contratación, deberá ser igual o mayor al 20% del presupuesto oficial expresado en SMMLV."
B11: VALOR MINIMO A CERTIFICAR SMMLV(75% P.O)(1-2 CERTIFICACIONES) | K11: =+H39 -> 15360.157
B12: SMMLV PROPONENTE | K12: =+S33 -> 11487.971
B13: CAPACIDAD RESIDUAL DE CONTRATACION | N13: SI | O13: =+IF(N13>="SI","CUMPLE","NO CUMPLE") -> CUMPLE
B14: =IF(AND($O10="CUMPLE",O13="CUMPLE"),"HABILITADO","NO HABILITADO") -> NO HABILITADO
B15: FACTORES PONDERABLES
P17: OBSERVACIONES | X17: CALCULO DE LA CAPACIDAD RESIDUAL
B18: INCENTIVO A LA INDUSTRIA NACIONAL 1: OFRECIMIENTO DE 100PUNTOS / 2: OFRECIMIENTO DE 50 PUNTOS / NADA: OFRECIMIENTO DE 0 PUNTOS | N18: 1 | O18: =IF(B14="NO HABILITADO","0",IF(N18=1,"100",IF(N18=2,"50","0"))) -> 0
B19: PUNTAJE ADICIONAL PARA PROPONENTES CON TRABAJADORES CON DISCAPACIDAD (10 PUNTOS) | N19: SI | O19: =IF(B14="NO HABILITADO","0",IF(N19="SI","10","0")) -> 0
B20: HORAS DE CAPACITACION (20 PUNTOS) | N20: SI | O20: =IF(B14="NO HABILITADO","0",IF(N20="SI","20","0")) -> 0
B21: CALIDAD (100 PUNTOS) | N21: SI | O21: =IF(B14="NO HABILITADO","0",IF(N21="SI","100","0")) -> 0
B22: TOTAL | O22: =+O21+O20+O19+O18 -> 0
C24: ORDEN | D24: CONTRATISTA | E24: INTEGRANTE DEL PROPONENTE PLURAL QUE APORTA LA EXPERIENCIA | F24: NÚMERO CONSECUTIVO DEL REPORTE DEL CONTRATO EJECUTADO EN EL RUP | G24: CONTRATO | H24: OBJETO | I24: CODIGOS RUPUNSPSC / 721413 -721411-81101500 | J24: CONTRATANTE (RAZON SOCIAL) | K24: FORMA DE EJECUCION ( I, C o UT) | L24: PORCENTAJE DE PARTICIPACION EN EL PROPONENTE PLURAL O PORCENTAJE EN LA EJECUCION DE LAS ACTIVIDADES RELACIONADAS | M24: FECHA DE INICIO | N24: FECHA DE TERMINACION | O24: AÑO DE TERMINACION | P24: CONTRATO PROPIO/SOCIO/MATRIZ/FILIAL o SUBORDINADA | Q24: VALOR (incluido IVA) | R24: VALOR EJECUTADO X %PARTICIPACION (incluido IVA) | S24: VALOR EJECUTADO (incluido IVA) | T24: OBSERVACIONES
G25: NUMERO
R26: EN MILES DE PESOS | S26: EN SMMLV | X26: OBSERVACIONES:
C27: 1 | D27: CONSORCIO VIAS DEL PROGRESO BOYACA 2006 | E27: TIGOF Y CIA LTDA INGENIEROS CONTRATISTAS | F27: 2 | G27: 140 DE 2006 | H27: MEJORAMIENTO E LA VIA NACIONAL RAMAL A RONDON RANCHOP GRANDE, SECTOR PR 41+200 AL PR 57+000, DEPARTAMENTO DE BOYACÁ | I27: CUMPLE | J27: GOBERNACION DE BOYACÁ | K27: C | L27: 0.5 | M27: 38867 | N27: 40295 | O27: 2010 | P27: PROPIO | Q27: =9315905475.68-180000000 -> 9.1359055e+09 | R27: =(Q27/1000)*L27 -> 4567952.7 | S27: =R27*1000/(VLOOKUP(O27,$C$37:$D$58,2,FALSE)) -> 8869.8111 | T27: NO CUMPLE CON EL OJETO A CERTIFICAR CONSTRUCCION
C28: 2 | D28: CONSORCIO MANTENIMIENTO VIAL 4 | E28: RB DE COLOMBIA SA | F28: 14 | G28: IDU 091 DE 2006 | H28: REALIZAR A PRECIOS UNITARIOS CONS FORMULA DE REAJUSTE, EL DIAGNOSTICO Y MANTENIMIENTO DE VIAS GRUPO 4 A TRAVÉS DEL PROGRAMA DE BRIGADAS DE REACCIN VIAS , EN BOGOTA D.C. | I28: CUMPLE | J28: INSTITUTO DE DESARROLLO URBANO | K28: C | L28: 0.5 | M28: 39218 | N28: 39707 | O28: 2008 | P28: PROPIO | Q28: 2416561514 | R28: =(Q28/1000)*L28 -> 1208280.8 | S28: =R28*1000/(VLOOKUP(O28,$C$37:$D$58,2,FALSE)) -> 2618.1598 | T28: NO CUMPLE CON EL OJETO A CERTIFICAR CONSTRUCCION
C29: 3 | R29: =(Q29/1000)*L29 -> 0
C30: 4 | R30: =(Q30/1000)*L30 -> 0
C31: 5 | R31: =(Q31/1000)*L31 -> 0
C32: 6 | R32: =(Q32/1000)*L32 -> 0
R33: TOTAL | S33: =+SUM(S27:S32) -> 11487.971
C35: SALARIOS MINIMOS
C36: VIGENCIA | D36: VALOR
C37: 1997 | D37: 172005 | F37: NUMERO DE CONTRATOS | G37: PORCENTAJE | H37: SMMLV
C38: 1998 | D38: 203826 | G38: 1 | H38: 20480.21
C39: 1999 | D39: 236460 | F39: 1 A 2 | G39: 0.75 | H39: 15360.157
C40: 2000 | D40: 260100 | F40: 3 A 4 | G40: 1.2 | H40: 24576.252
C41: 2001 | D41: 286000 | F41: 5 A 6 | G41: 1.5 | H41: 30720.315
C42: 2002 | D42: 309000
C43: 2003 | D43: 332000
C44: 2004 | D44: 358000
C45: 2005 | D45: 381500
C46: 2006 | D46: 408000
C47: 2007 | D47: 433700
C48: 2008 | D48: 461500
C49: 2009 | D49: 496900
C50: 2010 | D50: 515000
C51: 2011 | D51: 535600
C52: 2012 | D52: 566700
C53: 2013 | D53: 589500
... C58: 2018 | D58: 781242

Sheet 13-CS INFRA C. BOLÍVAR
B1: PROCESO DE CONTRATACION FDLCB-LP-013-2018
B3: CONTRATAR A PRECIOS FIJOS Y A MONTO AGOTABLE LA COMPLEMENTACION Y/O ACTUALIZACION Y/O AJUSTES DE DISEÑOS Y LA CONSTRUCCION Y/O RECONSTRUCCION DE LA MALLA VIAL DE LA LOCALIDAD DE CUIDAD BOLIVAR, EN BOGOTA D.C
B5: PROPONENTE | E5: CS INFRA C. BOLÍVAR
B9: VALORES HABILITANTES
B11: PRESUPUESTO OFICIAL $ | K11: 16000000000 | O11: =+IF(K13>=K12,"CUMPLE","NO CUMPLE") -> NO CUMPLE | P11: CORRESPONDE A 4 CERTIFICACIONES DE EXPERIENCIA Y SE VALIDA SOBRE 120% P.O
B12: VALOR MINIMO A CERTIFICAR SMMLV(120% P.O)(3-4 CERTIFICACIONES) | K12: =+H41 -> 24576.252
B13: SMMLV PROPONENTE | K13: =+S34 -> 16385.192
B14: CAPACIDAD RESIDUAL DE CONTRATACION | N14: SI | O14: =+IF(N14>="SI","CUMPLE","NO CUMPLE") -> CUMPLE
B15: =IF(AND($O11="CUMPLE",O14="CUMPLE"),"HABILITADO","NO HABILITADO") -> NO HABILITADO
B16: FACTORES PONDERABLES
X17: CALCULO DE LA CAPACIDAD RESIDUAL
P18: OBSERVACIONES
B19: INCENTIVO A LA INDUSTRIA NACIONAL 1: OFRECIMIENTO DE 100PUNTOS / 2: OFRECIMIENTO DE 50 PUNTOS / NADA: OFRECIMIENTO DE 0 PUNTOS | N19: 1 | O19: =IF(B15="NO HABILITADO","0",IF(N19=1,"100",IF(N19=2,"50","0"))) -> 0
B20: PUNTAJE ADICIONAL PARA PROPONENTES CON TRABAJADORES CON DISCAPACIDAD (10 PUNTOS) | N20: SI | O20: =IF(B15="NO HABILITADO","0",IF(N20="SI","10","0")) -> 0
B21: HORAS DE CAPACITACION (20 PUNTOS) | N21: SI | O21: =IF(B15="NO HABILITADO","0",IF(N21="SI","20","0")) -> 0
B22: CALIDAD (100 PUNTOS) | N22: SI | O22: =IF(B15="NO HABILITADO","0",IF(N22="SI","100","0")) -> 0
B23: TOTAL | O23: =+O22+O21+O20+O19 -> 0
C25: ORDEN | D25: CONTRATISTA | E25: INTEGRANTE DEL PROPONENTE PLURAL QUE APORTA LA EXPERIENCIA | F25: NÚMERO CONSECUTIVO DEL REPORTE DEL CONTRATO EJECUTADO EN EL RUP | G25: CONTRATO | H25: OBJETO | I25: CODIGOS RUPUNSPSC / 721413 -721411-81101500 | J25: CONTRATANTE (RAZON SOCIAL) | K25: FORMA DE EJECUCION ( I, C o UT) | L25: PORCENTAJE DE PARTICIPACION EN EL PROPONENTE PLURAL O PORCENTAJE EN LA EJECUCION DE LAS ACTIVIDADES RELACIONADAS | M25: FECHA DE INICIO | N25: FECHA DE TERMINACION | O25: AÑO DE TERMINACION | P25: CONTRATO PROPIO/SOCIO/MATRIZ/FILIAL o SUBORDINADA | Q25: VALOR (incluido IVA) | R25: VALOR EJECUTADO X %PARTICIPACION (incluido IVA) | S25: VALOR EJECUTADO (incluido IVA) | T25: OBSERVACIONES
G26: NUMERO | X26: OBSERVACIONES:
R27: EN MILES DE PESOS | S27: EN SMMLV
C28: 1 | D28: CONSORCIO INFRAESTRUCTURA LOCALIDADES GRUPO 2 | E28: Infraestructura Integral SAS | F28: 1 | G28: IDU-152-2007 | H28: CONSTRUCCIÓN DE ACCESOS A BARRIOS Y PAVIMENTOS LOCALES GRUPO:02 LOCALIDADES DE ANTONIO NARIÑO, CIUDAD BOLÍVAR, LOS MÁRTIRES, SANTA FE Y USME, EN BOGOTÁ | I28: CUMPLE | J28: IDU | K28: C | L28: 0.3 | M28: 39575 | N28: 40223 | O28: 2010 | P28: MATRIZYPROPIO | Q28: 12601292779 | R28: =(Q28/1000)*L28 -> 3780387.8 | S28: =R28*1000/(VLOOKUP(O28,$C$38:$D$59,2,FALSE)) -> 7340.5589
C29: 2 | D29: CONSORCIO INFRAESTRUCTURA LOCALIDADES GRUPO 2 | E29: Infraestructura Nacional LTDA. | F29: 1 | G29: IDU-152-2007 | H29: CONSTRUCCIÓN DE ACCESOS A BARRIOS Y PAVIMENTOS LOCALES GRUPO:02 LOCALIDADES DE ANTONIO NARIÑO, CIUDAD BOLÍVAR, LOS MÁRTIRES, SANTA FE Y USME, EN BOGOTÁ | I29: CUMPLE | J29: IDU | K29: C | L29: 0.1 | M29: 39575 | N29: 40223 | O29: 2010 | P29: MATRIZYPROPIO | Q29: 12601292779 | R29: =(Q29/1000)*L29 -> 1260129.3 | S29: =R29*1000/(VLOOKUP(O29,$C$38:$D$59,2,FALSE)) -> 2446.853
C30: 3 | D30: CONSORCIO INFRAESTRUCTURA CAPITAL 2009 | E30: Infraestructura Integral SAS | F30: 50 | G30: CDTO-211 DE 2009 | H30: CONSTRUCCIÓN DE UN TRAMO DE LA AVENIDA PRIMERO DE MAYO Y CONSTRUCCIÓN DE LA VÍA PEATONAL CALLE 49 SUR, INCLUIDAS SUS OBRAS DE URBANISMO Y COMPLEMENTARIAS | I30: CUMPLE | J30: METROVIVIENDA | K30: C | L30: 0.5 | M30: 0/2/2010 | N30: 41610 | O30: 2013 | P30: MATRIZYPROPIO | Q30: 5185855177 | R30: =(Q30/1000)*L30 -> 2592927.6 | S30: =R30*1000/(VLOOKUP(O30,$C$38:$D$59,2,FALSE)) -> 4398.5201
C31: 4 | D31: CONSORCIO INFRAESTRUCTURA CAPITAL 2009 | E31: Infraestructura Nacional LTDA. | F31: 10 | G31: CDTO-211 DE 2009 | H31: CONSTRUCCIÓN DE UN TRAMO DE LA AVENIDA PRIMERO DE MAYO Y CONSTRUCCIÓN DE LA VÍA PEATONAL CALLE 49 SUR, INCLUIDAS SUS OBRAS DE URBANISMO Y COMPLEMENTARIAS | I31: CUMPLE | J31: METROVIVIENDA | K31: C | L31: 0.25 | M31: 0/2/2011 | N31: 41611 | O31: 2013 | P31: MATRIZYPROPIO | Q31: 5185855177 | R31: =(Q31/1000)*L31 -> 1296463.8 | S31: =R31*1000/(VLOOKUP(O31,$C$38:$D$59,2,FALSE)) -> 2199.26
C32: 5
C33: 6
R34: TOTAL | S34: =+SUM(S28:S33) -> 16385.192
C36: SALARIOS MINIMOS
C37: VIGENCIA | D37: VALOR
C38: 1997 | D38: 172005 | F38: NUMERO DE CONTRATOS | G38: PORCENTAJE | H38: SMMLV
C39: 1998 | D39: 203826 | G39: 1 | H39: 20480.21
C40: 1999 | D40: 236460 | F40: 1 A 2 | G40: 0.75 | H40: 15360.157
C41: 2000 | D41: 260100 | F41: 3 A 4 | G41: 1.2 | H41: 24576.252
C42: 2001 | D42: 286000 | F42: 5 A 6 | G42: 1.5 | H42: 30720.315
C43: 2002 | D43: 309000
C44: 2003 | D44: 332000
C45: 2004 | D45: 358000
C46: 2005 | D46: 381500
C47: 2006 | D47: 408000
C48: 2007 | D48: 433700
C49: 2008 | D49: 461500
C50: 2009 | D50: 496900
C51: 2010 | D51: 515000
C52: 2011 | D52: 535600
C53: 2012 | D53: 566700
C54: 2013 | D54: 589500
... C59: 2018 | D59: 781242

Sheet 14-HB ESTRUCTURAS METALICAS SAS
B1: PROCESO DE CONTRATACION FDLCB-LP-013-2018
B3: CONTRATAR A PRECIOS FIJOS Y A MONTO AGOTABLE LA COMPLEMENTACION Y/O ACTUALIZACION Y/O AJUSTES DE DISEÑOS Y LA CONSTRUCCION Y/O RECONSTRUCCION DE LA MALLA VIAL DE LA LOCALIDAD DE CUIDAD BOLIVAR, EN BOGOTA D.C
B5: PROPONENTE | E5: HB ESTRUCTURAS METALICAS SAS
B8: VALORES HABILITANTES
B10: PRESUPUESTO OFICIAL $ | K10: 16000000000 | O10: =+IF(K12>=K11,"CUMPLE","NO CUMPLE") -> CUMPLE | P10: CERTIFICA CONSTRUCCION EN EL ARCHIVO 010,02,794 DE 2009_CERTIFICACION AGO-14-2015.PDF PAG 2 CONSTRUCCION DE PAVIMENTO RIGIDO Y FLEXIBLE
B11: VALOR MINIMO A CERTIFICAR SMMLV(75% P.O)(1-2 CERTIFICACIONES) | K11: =+H39 -> 15360.157
B12: SMMLV PROPONENTE | K12: =+S33 -> 76984.052
B13: CAPACIDAD RESIDUAL DE CONTRATACION | N13: SI | O13: =+IF(N13>="SI","CUMPLE","NO CUMPLE") -> CUMPLE
B14: =IF(AND($O10="CUMPLE",O13="CUMPLE"),"HABILITADO","NO HABILITADO") -> HABILITADO
B15: FACTORES PONDERABLES
P17: OBSERVACIONES | X17: CALCULO DE LA CAPACIDAD RESIDUAL
B18: INCENTIVO A LA INDUSTRIA NACIONAL 1: OFRECIMIENTO DE 100PUNTOS / 2: OFRECIMIENTO DE 50 PUNTOS / NADA: OFRECIMIENTO DE 0 PUNTOS | N18: 1 | O18: =IF(B14="NO HABILITADO","0",IF(N18=1,"100",IF(N18=2,"50","0"))) -> 100
B19: PUNTAJE ADICIONAL PARA PROPONENTES CON TRABAJADORES CON DISCAPACIDAD (10 PUNTOS) | N19: SI | O19: =IF(B14="NO HABILITADO","0",IF(N19="SI","10","0")) -> 10
B20: HORAS DE CAPACITACION (20 PUNTOS) | N20: SI | O20: =IF(B14="NO HABILITADO","0",IF(N20="SI","20","0")) -> 20
B21: CALIDAD (100 PUNTOS) | N21: SI | O21: =IF(B14="NO HABILITADO","0",IF(N21="SI","100","0")) -> 100
B22: TOTAL | O22: =+O21+O20+O19+O18 -> 230
C24: ORDEN | D24: CONTRATISTA | E24: INTEGRANTE DEL PROPONENTE PLURAL QUE APORTA LA EXPERIENCIA | F24: NÚMERO CONSECUTIVO DEL REPORTE DEL CONTRATO EJECUTADO EN EL RUP | G24: CONTRATO | H24: OBJETO | I24: CODIGOS RUPUNSPSC / 721413 -721411-81101500 | J24: CONTRATANTE (RAZON SOCIAL) | K24: FORMA DE EJECUCION ( I, C o UT) | L24: PORCENTAJE DE PARTICIPACION EN EL PROPONENTE PLURAL O PORCENTAJE EN LA EJECUCION DE LAS ACTIVIDADES RELACIONADAS | M24: FECHA DE INICIO | N24: FECHA DE TERMINACION | O24: AÑO DE TERMINACION | P24: CONTRATO PROPIO/SOCIO/MATRIZ/FILIAL o SUBORDINADA | Q24: VALOR (incluido IVA) | R24: VALOR EJECUTADO X %PARTICIPACION (incluido IVA) | S24: VALOR EJECUTADO (incluido IVA) | T24: OBSERVACIONES
G25: NUMERO
R26: EN MILES DE PESOS | S26: EN SMMLV | X26: OBSERVACIONES:
C27: 1 | D27: HB ESTRUCTURAS METALICAS SAS | E27: HB ESTRUCTURAS METALICAS SAS | F27: 113 | G27: 068 DE 2012 | H27: CONSERVACION DE LA INFRAESTRUCTURA DEL SISTEMA INTEGRADO DE TRANSPORTE PUBLICO: RUTAS AUXILIARES ALIMENTADORAS, COMPLEMENTARIAS Y ESPACIALES | I27: CUMPLE | J27: IDU | K27: I | L27: 1 | M27: 41390 | N27: 41771 | O27: 2014 | P27: PROPIO | Q27: =5471346124-118311928 -> 5353034196 | R27: =(Q27/1000)*L27 -> 5353034.2 | S27: =R27*1000/(VLOOKUP(O27,$C$37:$D$58,2,FALSE)) -> 8689.9906 | T27: NO CUMPLE OBJETO A CERTIFICAR DE CONSTRUCCION
C28: 2 | D28: CONSORCIO SAN JOSE DE MIRANDA | E28: HB ESTRUCTURAS METALICAS SAS | F28: 112 | G28: 794 DE 2009 | H28: ESTUDIO Y DISEÑO , GESTION SOCIAL , PREDIAL , AMBIENTAL Y MEJORAMIENTO DEL PROYECTO TRONCAL CENTRAL DEL NORTE | I28: CUMPLE | J28: INVIAS | K28: C | L28: 0.25 | M28: 40077 | N28: 41977 | O28: 2014 | P28: PROPIO | Q28: =189688704927.95 -> 1.896887e+11 | R28: =(Q28/1000)*L28 -> 47422176 | S28: =R28*1000/(VLOOKUP(O28,$C$37:$D$58,2,FALSE)) -> 76984.052 | T28: SE RESTA ESTUDIOS Y DISEÑOS
C29: 3
C30: 4
C31: 5
C32: 6
R33: TOTAL | S33: =+SUM(S27:S32)-S27 -> 76984.052
C35: SALARIOS MINIMOS
C36: VIGENCIA | D36: VALOR
C37: 1997 | D37: 172005 | F37: NUMERO DE CONTRATOS | G37: PORCENTAJE | H37: SMMLV
C38: 1998 | D38: 203826 | G38: 1 | H38: 20480.21
C39: 1999 | D39: 236460 | F39: 1 A 2 | G39: 0.75 | H39: 15360.157
C40: 2000 | D40: 260100 | F40: 3 A 4 | G40: 1.2 | H40: 24576.252
C41: 2001 | D41: 286000 | F41: 5 A 6 | G41: 1.5 | H41: 30720.315
C42: 2002 | D42: 309000
C43: 2003 | D43: 332000
C44: 2004 | D44: 358000
C45: 2005 | D45: 381500
C46: 2006 | D46: 408000
C47: 2007 | D47: 433700
C48: 2008 | D48: 461500
C49: 2009 | D49: 496900
C50: 2010 | D50: 515000
C51: 2011 | D51: 535600
C52: 2012 | D52: 566700
C53: 2013 | D53: 589500
... C58: 2018 | D58: 781242

Sheet 15-LUIS ALBERTO GONZALEZ CH 
B1: PROCESO DE CONTRATACION FDLCB-LP-013-2018
B3: CONTRATAR A PRECIOS FIJOS Y A MONTO AGOTABLE LA COMPLEMENTACION Y/O ACTUALIZACION Y/O AJUSTES DE DISEÑOS Y LA CONSTRUCCION Y/O RECONSTRUCCION DE LA MALLA VIAL DE LA LOCALIDAD DE CUIDAD BOLIVAR, EN BOGOTA D.C
B5: PROPONENTE | E5: LUIS ALBERTO GONZALEZ CHAUX
B8: VALORES HABILITANTES
B10: PRESUPUESTO OFICIAL $ | K10: 16000000000 | O10: =+IF(K12>=K11,"CUMPLE","NO CUMPLE") -> CUMPLE | P10: CERTIFICA CONSTRUCCION EN EL ARCHIVO ANEXO NO.5 EXPERIENCIA REQUERIDA-ANEXO.PDF PAG 3 , SE IDENTIFICA CONSTRUCCION DE VIA NUEVA
B11: VALOR MINIMO A CERTIFICAR SMMLV(75% P.O)(1-2 CERTIFICACIONES) | K11: =+H39 -> 15360.157
B12: SMMLV PROPONENTE | K12: =+S33 -> 52316.957
B13: CAPACIDAD RESIDUAL DE CONTRATACION | N13: SI | O13: =+IF(N13>="SI","CUMPLE","NO CUMPLE") -> CUMPLE
B14: =IF(AND($O10="CUMPLE",O13="CUMPLE"),"HABILITADO","NO HABILITADO") -> HABILITADO
B15: FACTORES PONDERABLES
P17: OBSERVACIONES | X17: CALCULO DE LA CAPACIDAD RESIDUAL
B18: INCENTIVO A LA INDUSTRIA NACIONAL 1: OFRECIMIENTO DE 100PUNTOS / 2: OFRECIMIENTO DE 50 PUNTOS / NADA: OFRECIMIENTO DE 0 PUNTOS | N18: 1 | O18: =IF(B14="NO HABILITADO","0",IF(N18=1,"100",IF(N18=2,"50","0"))) -> 100
B19: PUNTAJE ADICIONAL PARA PROPONENTES CON TRABAJADORES CON DISCAPACIDAD (10 PUNTOS) | N19: SI | O19: =IF(B14="NO HABILITADO","0",IF(N19="SI","10","0")) -> 10
B20: HORAS DE CAPACITACION (20 PUNTOS) | N20: SI | O20: =IF(B14="NO HABILITADO","0",IF(N20="SI","20","0")) -> 20
B21: CALIDAD (100 PUNTOS) | N21: SI | O21: =IF(B14="NO HABILITADO","0",IF(N21="SI","100","0")) -> 100
B22: TOTAL | O22: =+O21+O20+O19+O18 -> 230
C24: ORDEN | D24: CONTRATISTA | E24: INTEGRANTE DEL PROPONENTE PLURAL QUE APORTA LA EXPERIENCIA | F24: NÚMERO CONSECUTIVO DEL REPORTE DEL CONTRATO EJECUTADO EN EL RUP | G24: CONTRATO | H24: OBJETO | I24: CODIGOS RUPUNSPSC / 721413 -721411-81101500 | J24: CONTRATANTE (RAZON SOCIAL) | K24: FORMA DE EJECUCION ( I, C o UT) | L24: PORCENTAJE DE PARTICIPACION EN EL PROPONENTE PLURAL O PORCENTAJE EN LA EJECUCION DE LAS ACTIVIDADES RELACIONADAS | M24: FECHA DE INICIO | N24: FECHA DE TERMINACION | O24: AÑO DE TERMINACION | P24: CONTRATO PROPIO/SOCIO/MATRIZ/FILIAL o SUBORDINADA | Q24: VALOR (incluido IVA) | R24: VALOR EJECUTADO X %PARTICIPACION (incluido IVA) | S24: VALOR EJECUTADO (incluido IVA) | T24: OBSERVACIONES
G25: NUMERO
R26: EN MILES DE PESOS | S26: EN SMMLV | X26: OBSERVACIONES:
C27: 1 | D27: CONSORCIO MULTILAGO NEIVA | E27: LUIS ALBERTO GONZALEZ CHAUX | F27: 32 | G27: 1077-2009 | H27: MEJORAMIENTO Y REHABILITACION DE LA MALLA VIAL URBANA DEL MUNICIPIO DE NEIVA DEPARTAMENTO DEL HUILA | I27: CUMPLE | J27: MUNICIPIO DE NEIVA | K27: C | L27: 0.98 | M27: 40344 | N27: 41431 | O27: 2013 | P27: PROPIO | Q27: =34966945744-(34966945744*0.1) -> 3.1470251e+10 | R27: =(Q27/1000)*L27 -> 30840846 | S27: =R27*1000/(VLOOKUP(O27,$C$37:$D$58,2,FALSE)) -> 52316.957
C28: 2
C29: 3
C30: 4
C31: 5
C32: 6
R33: TOTAL | S33: =+SUM(S27:S32) -> 52316.957
C35: SALARIOS MINIMOS
C36: VIGENCIA | D36: VALOR
C37: 1997 | D37: 172005 | F37: NUMERO DE CONTRATOS | G37: PORCENTAJE | H37: SMMLV
C38: 1998 | D38: 203826 | G38: 1 | H38: 20480.21
C39: 1999 | D39: 236460 | F39: 1 A 2 | G39: 0.75 | H39: 15360.157
C40: 2000 | D40: 260100 | F40: 3 A 4 | G40: 1.2 | H40: 24576.252
C41: 2001 | D41: 286000 | F41: 5 A 6 | G41: 1.5 | H41: 30720.315
C42: 2002 | D42: 309000
C43: 2003 | D43: 332000
C44: 2004 | D44: 358000
C45: 2005 | D45: 381500
C46: 2006 | D46: 408000
C47: 2007 | D47: 433700
C48: 2008 | D48: 461500
C49: 2009 | D49: 496900
C50: 2010 | D50: 515000
C51: 2011 | D51: 535600
C52: 2012 | D52: 566700
C53: 2013 | D53: 589500
... C58: 2018 | D58: 781242

Sheet 16-LYDCO INGENIERIA S.A.S
B1: PROCESO DE CONTRATACION FDLCB-LP-013-2018
B3: CONTRATAR A PRECIOS FIJOS Y A MONTO AGOTABLE LA COMPLEMENTACION Y/O ACTUALIZACION Y/O AJUSTES DE DISEÑOS Y LA CONSTRUCCION Y/O RECONSTRUCCION DE LA MALLA VIAL DE LA LOCALIDAD DE CUIDAD BOLIVAR, EN BOGOTA D.C
B5: PROPONENTE | E5: LYDCO INGENIERIA S.A.S
B8: VALORES HABILITANTES
B10: PRESUPUESTO OFICIAL $ | K10: 16000000000 | O10: =+IF(K12>=K11,"CUMPLE","NO CUMPLE") -> CUMPLE
B11: VALOR MINIMO A CERTIFICAR SMMLV(75% P.O)(1-2 CERTIFICACIONES) | K11: =+H39 -> 15360.157
B12: SMMLV PROPONENTE | K12: =+S33 -> 17851.827
B13: CAPACIDAD RESIDUAL DE CONTRATACION | N13: SI | O13: =+IF(N13>="SI","CUMPLE","NO CUMPLE") -> CUMPLE
B14: =IF(AND($O10="CUMPLE",O13="CUMPLE"),"HABILITADO","NO HABILITADO") -> HABILITADO
B15: FACTORES PONDERABLES
P17: OBSERVACIONES | X17: CALCULO DE LA CAPACIDAD RESIDUAL
B18: INCENTIVO A LA INDUSTRIA NACIONAL 1: OFRECIMIENTO DE 100PUNTOS / 2: OFRECIMIENTO DE 50 PUNTOS / NADA: OFRECIMIENTO DE 0 PUNTOS | N18: 1 | O18: =IF(B14="NO HABILITADO","0",IF(N18=1,"100",IF(N18=2,"50","0"))) -> 100
B19: PUNTAJE ADICIONAL PARA PROPONENTES CON TRABAJADORES CON DISCAPACIDAD (10 PUNTOS) | N19: SI | O19: =IF(B14="NO HABILITADO","0",IF(N19="SI","10","0")) -> 10
B20: HORAS DE CAPACITACION (20 PUNTOS) | N20: SI | O20: =IF(B14="NO HABILITADO","0",IF(N20="SI","20","0")) -> 20
B21: CALIDAD (100 PUNTOS) | N21: SI | O21: =IF(B14="NO HABILITADO","0",IF(N21="SI","100","0")) -> 100
B22: TOTAL | O22: =+O21+O20+O19+O18 -> 230
C24: ORDEN | D24: CONTRATISTA | E24: INTEGRANTE DEL PROPONENTE PLURAL QUE APORTA LA EXPERIENCIA | F24: NÚMERO CONSECUTIVO DEL REPORTE DEL CONTRATO EJECUTADO EN EL RUP | G24: CONTRATO | H24: OBJETO | I24: CODIGOS RUPUNSPSC / 721413 -721411-81101500 | J24: CONTRATANTE (RAZON SOCIAL) | K24: FORMA DE EJECUCION ( I, C o UT) | L24: PORCENTAJE DE PARTICIPACION EN EL PROPONENTE PLURAL O PORCENTAJE EN LA EJECUCION DE LAS ACTIVIDADES RELACIONADAS | M24: FECHA DE INICIO | N24: FECHA DE TERMINACION | O24: AÑO DE TERMINACION | P24: CONTRATO PROPIO/SOCIO/MATRIZ/FILIAL o SUBORDINADA | Q24: VALOR (incluido IVA) | R24: VALOR EJECUTADO X %PARTICIPACION (incluido IVA) | S24: VALOR EJECUTADO (incluido IVA) | T24: OBSERVACIONES
G25: NUMERO
R26: EN MILES DE PESOS | S26: EN SMMLV | X26: OBSERVACIONES:
C27: 1 | D27: UNION TEMPORAL VIAS ANTONIO NARIÑO 2015 | E27: LYDCO INGENIERIA S.A.S | F27: 38 | G27: 098 DE 2015 | H27: EL CONTRATISTA SE OBLIGA PARA CON EL FONDO A EJECUTAR BAJO LA MODALIDAD DE PRECIO UNITARIOS FIJOS SIN FORMULA DE REAJUSTE Y AMONTO AGOTABLE LAS OBRAS DE MANTENIMIENTO DE LA MALLA VIAL LOCAL Y LAS OBRAS DE CONSTRUCCION Y/O MANTENIMIENTO | I27: CUMPLE | J27: FONDO DE DESARROLLO LOCAL DE ANTONIO NARIÑO | K27: UT | L27: 0.89 | M27: 42285 | N27: 42650 | O27: 2016 | P27: PROPIO | Q27: 7639256888 | R27: =(Q27/1000)*L27 -> 6798938.6 | S27: =R27*1000/(VLOOKUP(O27,$C$37:$D$58,2,FALSE)) -> 9861.3233
C28: 2 | D28: UNION TEMPORAL MALLA VIAL 2015 | E28: LYDCO INGENIERIA S.A.S | F28: 41 | G28: 125 DE 2015 | H28: CONTRATAR A PRECIOS UNITARIOS FIJOS SIN FORMULA DE REAJUSTE POR MONTO AGOTABLE EL DIAGNOSTICO Y LAS OBRAS DE MANTENIMIENTO | I28: CUMPLE | J28: FONDO DE DESARROLLO LOCAL DE LOS MARTINES | K28: UT | L28: 0.97 | M28: 42394 | N28: 42637 | O28: 2016 | P28: PROPIO | Q28: =5677000000--2477200 -> 5679477200 | R28: =(Q28/1000)*L28 -> 5509092.9 | S28: =R28*1000/(VLOOKUP(O28,$C$37:$D$58,2,FALSE)) -> 7990.5039
C29: 3
C30: 4
C31: 5
C32: 6
R33: TOTAL | S33: =+SUM(S27:S32) -> 17851.827
C35: SALARIOS MINIMOS
C36: VIGENCIA | D36: VALOR
C37: 1997 | D37: 172005 | F37: NUMERO DE CONTRATOS | G37: PORCENTAJE | H37: SMMLV
C38: 1998 | D38: 203826 | G38: 1 | H38: 20480.21
C39: 1999 | D39: 236460 | F39: 1 A 2 | G39: 0.75 | H39: 15360.157
C40: 2000 | D40: 260100 | F40: 3 A 4 | G40: 1.2 | H40: 24576.252
C41: 2001 | D41: 286000 | F41: 5 A 6 | G41: 1.5 | H41: 30720.315
C42: 2002 | D42: 309000
C43: 2003 | D43: 332000
C44: 2004 | D44: 358000
C45: 2005 | D45: 381500
C46: 2006 | D46: 408000
C47: 2007 | D47: 433700
C48: 2008 | D48: 461500
C49: 2009 | D49: 496900
C50: 2010 | D50: 515000
C51: 2011 | D51: 535600
C52: 2012 | D52: 566700
C53: 2013 | D53: 589500
... C58: 2018 | D58: 781242

Sheet 17-UT MA. VIAL P & J INGENIEROS
B1: PROCESO DE CONTRATACION FDLCB-LP-013-2018
B3: CONTRATAR A PRECIOS FIJOS Y A MONTO AGOTABLE LA COMPLEMENTACION Y/O ACTUALIZACION Y/O AJUSTES DE DISEÑOS Y LA CONSTRUCCION Y/O RECONSTRUCCION DE LA MALLA VIAL DE LA LOCALIDAD DE CUIDAD BOLIVAR, EN BOGOTA D.C
B5: PROPONENTE | E5: UNION TEMPORAL MALLA VIAL P & J INGENIEROS
B8: VALORES HABILITANTES
B10: PRESUPUESTO OFICIAL $ | K10: 16000000000 | O10: =+IF(K12>=K11,"CUMPLE","NO CUMPLE") -> CUMPLE
B11: VALOR MINIMO A CERTIFICAR SMMLV(75% P.O)(1-2 CERTIFICACIONES) | K11: =+H39 -> 15360.157
B12: SMMLV PROPONENTE | K12: =+S33 -> 21900.392
B13: CAPACIDAD RESIDUAL DE CONTRATACION | N13: SI | O13: =+IF(N13>="SI","CUMPLE","NO CUMPLE") -> CUMPLE
B14: =IF(AND($O10="CUMPLE",O13="CUMPLE"),"HABILITADO","NO HABILITADO") -> HABILITADO
B15: FACTORES PONDERABLES
P17: OBSERVACIONES | X17: CALCULO DE LA CAPACIDAD RESIDUAL
B18: INCENTIVO A LA INDUSTRIA NACIONAL 1: OFRECIMIENTO DE 100PUNTOS / 2: OFRECIMIENTO DE 50 PUNTOS / NADA: OFRECIMIENTO DE 0 PUNTOS | N18: 1 | O18: =IF(B14="NO HABILITADO","0",IF(N18=1,"100",IF(N18=2,"50","0"))) -> 100
B19: PUNTAJE ADICIONAL PARA PROPONENTES CON TRABAJADORES CON DISCAPACIDAD (10 PUNTOS) | N19: SI | O19: =IF(B14="NO HABILITADO","0",IF(N19="SI","10","0")) -> 10
B20: HORAS DE CAPACITACION (20 PUNTOS) | N20: SI | O20: =IF(B14="NO HABILITADO","0",IF(N20="SI","20","0")) -> 20
B21: CALIDAD (100 PUNTOS) | N21: SI | O21: =IF(B14="NO HABILITADO","0",IF(N21="SI","100","0")) -> 100
B22: TOTAL | O22: =+O21+O20+O19+O18 -> 230
C24: ORDEN | D24: CONTRATISTA | E24: INTEGRANTE DEL PROPONENTE PLURAL QUE APORTA LA EXPERIENCIA | F24: NÚMERO CONSECUTIVO DEL REPORTE DEL CONTRATO EJECUTADO EN EL RUP | G24: CONTRATO | H24: OBJETO | I24: CODIGOS RUPUNSPSC / 721413 -721411-81101500 | J24: CONTRATANTE (RAZON SOCIAL) | K24: FORMA DE EJECUCION ( I, C o UT) | L24: PORCENTAJE DE PARTICIPACION EN EL PROPONENTE PLURAL O PORCENTAJE EN LA EJECUCION DE LAS ACTIVIDADES RELACIONADAS | M24: FECHA DE INICIO | N24: FECHA DE TERMINACION | O24: AÑO DE TERMINACION | P24: CONTRATO PROPIO/SOCIO/MATRIZ/FILIAL o SUBORDINADA | Q24: VALOR (incluido IVA) | R24: VALOR EJECUTADO X %PARTICIPACION (incluido IVA) | S24: VALOR EJECUTADO (incluido IVA) | T24: OBSERVACIONES
G25: NUMERO
R26: EN MILES DE PESOS | S26: EN SMMLV | X26: OBSERVACIONES:
C27: 1 | D27: CONSORCIO CILPES | E27: PEDRO HERNANDO ESCUCHA BARRAGAN | F27: 71 | G27: 121-2014 | H27: CONTRATAR POR LISTA DE PRECIOS UNITARIOS LA CONSTRUCCION DE LA MALLA VIAL LOCAL Y ESPACIO PUBLICO DE LAS UPZ 66,68,69 Y SECTOR RURAL DE LA LOCALIDAD 19 | I27: CUMPLE | J27: ALCALDIA DE CUIDAD BOLIVAR | K27: C | L27: 0.4 | M27: 41988 | N27: 42611 | O27: 2016 | P27: PROPIO | Q27: 22309976897 | R27: =(Q27/1000)*L27 -> 8923990.8 | S27: =R27*1000/(VLOOKUP(O27,$C$37:$D$58,2,FALSE)) -> 12943.543
C28: 2 | D28: CONSORCIO CARRIL BAVARIA | E28: JUAN CARLOS DE LOS RIOS PINEDA | F28: 43 | G28: 1634-2015 | H28: CONSTRUCCION PLAN DE OBRAS 2013-2015 INTERSECCION UTP CANAAN (…) | I28: CUMPLE | J28: MUNICIPIO DE PEREIRA | K28: C | L28: 0.25 | M28: 42123 | N28: 42666 | O28: 2016 | P28: PROPIO | Q28: 24701374844 | R28: =(Q28/1000)*L28 -> 6175343.7 | S28: =R28*1000/(VLOOKUP(O28,$C$37:$D$58,2,FALSE)) -> 8956.8481
C29: 3
C30: 4
C31: 5
C32: 6
R33: TOTAL | S33: =+SUM(S27:S32) -> 21900.392
C35: SALARIOS MINIMOS
C36: VIGENCIA | D36: VALOR
C37: 1997 | D37: 172005 | F37: NUMERO DE CONTRATOS | G37: PORCENTAJE | H37: SMMLV
C38: 1998 | D38: 203826 | G38: 1 | H38: 20480.21
C39: 1999 | D39: 236460 | F39: 1 A 2 | G39: 0.75 | H39: 15360.157
C40: 2000 | D40: 260100 | F40: 3 A 4 | G40: 1.2 | H40: 24576.252
C41: 2001 | D41: 286000 | F41: 5 A 6 | G41: 1.5 | H41: 30720.315
C42: 2002 | D42: 309000
C43: 2003 | D43: 332000
C44: 2004 | D44: 358000
C45: 2005 | D45: 381500
C46: 2006 | D46: 408000
C47: 2007 | D47: 433700
C48: 2008 | D48: 461500
C49: 2009 | D49: 496900
C50: 2010 | D50: 515000
C51: 2011 | D51: 535600
C52: 2012 | D52: 566700
C53: 2013 | D53: 589500
... C58: 2018 | D58: 781242

Sheet Hoja7

Sheet Hoja2
